Workbook
Name APU: [7]APU!$A$1:$G$2750
Name APU: #REF!
Name APUAUXILIARES: '[7]APU AUXILIARES'!$A$1:$G$816
Name APUAUXILIARES: #REF!
Name CODIGOEQUIPOS: '[7]INSUMOS EQUIPOS'!$A$7:$A$45
Name CODIGOEQUIPOS: 'INSUMOS EQUIPOS'!$A$7:$A$45
Name CODIGOMATERIALES: '[7]INSUMOS MATERIALES'!$A$7:$A$90
Name CODIGOMATERIALES: #REF!
Name CÓDIGOS_MANO_DE_OBRA: '[8]INSUMOS MANO DE OBRA'!$A$8:$A$63
Name CÓDIGOS_SERVICIOS: '[8]INSUMOS SERVICIOS'!$A$12:$A$53
Name CODIGOSMANODEOBRA: '[7]INSUMOS MANO DE OBRA'!$A$7:$A$61
Name CODIGOSMANODEOBRA: 'INSUMOS MANO DE OBRA'!$A$7:$A$61
Name CODIGOSSERVICIOS: '[7]INSUMOS SERVICIOS'!$A$7:$A$21
Name CODIGOSSERVICIOS: 'INSUMOS SERVICIOS'!$A$7:$A$21
Name CODIGOTRANSPORTES: '[7]INSUMOS TRANSPORTES'!$A$7:$A$27
Name CODIGOTRANSPORTES: #REF!
Name DATOSINICIALES: 'DATOS INICIALES'!$A$5:$B$26
Name FACTORPRESTACIONAL: '[7]FACTOR PRESTACIONAL'!$A$7:$BE$32
Name FACTORPRESTACIONAL: 'FACTOR PRESTACIONAL'!$A$7:$BE$32
Name INSUMOS_MANO_DE_OBRA: '[8]INSUMOS MANO DE OBRA'!$A$1:$I$63
Name INSUMOS_MANO_DE_OBRA: '[8]INSUMOS MANO DE OBRA'!$A$1:$I$63
Name INSUMOS_MANO_DE_OBRA: '[8]INSUMOS MANO DE OBRA'!$A$1:$I$63
Name INSUMOS_MANO_DE_OBRA: '[8]INSUMOS MANO DE OBRA'!$A$1:$I$63
Name INSUMOS_MANO_DE_OBRA: '[8]INSUMOS MANO DE OBRA'!$A$1:$I$63
Name INSUMOS_MANO_DE_OBRA: '[9]INSUMOS MANO DE OBRA'!$A$1:$H$63
Name INSUMOSEQUIPOS: '[7]INSUMOS EQUIPOS'!$A$7:$D$45
Name INSUMOSEQUIPOS: 'INSUMOS EQUIPOS'!$A$7:$D$45
Name INSUMOSMANODEOBRA: '[7]INSUMOS MANO DE OBRA'!$A$7:$H$61
Name INSUMOSMANODEOBRA: 'INSUMOS MANO DE OBRA'!$A$7:$H$61
Name INSUMOSMATERIALES: '[7]INSUMOS MATERIALES'!$A$7:$D$90
Name INSUMOSMATERIALES: #REF!
Name INSUMOSSERVICIOS: '[7]INSUMOS SERVICIOS'!$A$7:$D$21
Name INSUMOSSERVICIOS: 'INSUMOS SERVICIOS'!$A$7:$D$21
Name INSUMOSTRANSPORTES: '[7]INSUMOS TRANSPORTES'!$A$7:$D$27
Name INSUMOSTRANSPORTES: #REF!
Name MEMORIAS: [7]MEMORIAS!$A$1:$H$670
Name MEMORIAS: #REF!
Name PRESUPUESTO: [7]PRESUPUESTO!$A$7:$H$74
Name PRESUPUESTO: PRESUPUESTO!$A$7:$H$127

Sheet DATOS INICIALES
B1: DEPARTAMENTO DE ANTIOQUIA
B2: MUNICIPIO DE DABEIBA
B3: =B7 -> CONSTRUCCIÓN DE CASA DE SALUD EN EL CORREGIMIENTO LA BALSITA DEL MUNICIPIO DE DABEIBA
B5: DATOS INICIALES
A6: ENTIDAD: | B6: MUNICIPIO DE DABEIBA | C6: Elija el municipio de la lista desplegable
A7: NOMBRE DEL PROYECTO: | B7: CONSTRUCCIÓN DE CASA DE SALUD EN EL CORREGIMIENTO LA BALSITA DEL MUNICIPIO DE DABEIBA | C7: Digite el nombre del proyecto. Recuerde que debe coincidir con el objeto del contrato resultante de este proceso.
A8: RESPONSABLE: | B8: MARLON ASDRUBAL PEREZ HERRERA | C8: Digite el nombre del profesional responsable del presupuesto.
A9: CARGO DE RESPONSABLE: | B9: INGENIERO BANCO DE PROYECTOS | C9: Digite el cargo del profesional responsable del presupuesto.
A10: DEPENDENCIA DE RESPONSABLE: | B10: BANCO DE PROYECTOS - SECRETARÍA DE PLANEACIÓN | C10: Digite el nombre de la dependencia del profesional responsable del presupuesto.
A11: MATRÍCULA PROFESIONAL RESPONSABLE: | B11: MAT No. 05202-354756ANT | C11: Digite la matrícula profesional del profesional responsable del presupuesto.
A12: SALARIO MÍNIMO MENSUAL VIGENTE: | B12: 1750905
A13: AUXILIO DE TRANSPORTE VIGENTE: | B13: 249095
A14: EXONERADO ART 114-1 ET PARA LA OBRA: | B14: SI | C14: Elegir de las listas desplegables (Ver artículo 114-1 del Estatuto Tributario. Cabe aclarar que, al momento de proyectar los documentos del proceso de selección, deberá incluirse el método o procedimiento mediante el cual la Administración se asegurará de que, si el contratista elegido es de naturaleza contraria a esta decisión, el equilibrio contractual se encuentre garantizado).
A15: EXONERADO ART 114-1 ET PARA LA INTERVENTORÍA | B15: SI
A16: NIVEL DE RIESGO ARL APLICABLE | B16: V | C16: Elegir de la lista desplegable (Ver Decreto 1607 de 2002 para asignación de Riesgo ARL Aplicable).
A17: % ARL | B17: =+IF(B16="I",0.522%,IF(B16="II",1.044%,IF(B16="III",2.436%,IF(B16="IV",4.35%,6.96%)))) -> 0.0696
A18: DURACIÓN ESTIMADA DE OBRA (MESES) | B18: 3 | C18: Digite la duración de la obra de acuerdo al cronograma
A19: DISTANCIA A SITIO DE BOTADA DE TIERRA (KM) | B19: 10 | C19: Digite la distancia al sitio de botada de tierra de acuerdo al certificado expedido por la entidad.
A20: DISTANCIA A SITIO DE BOTADA DE ESCOMBROS (KM) | B20: 10 | C20: Digite la distancia al sitio de botada de escombros de acuerdo al certificado expedido por la entidad.
A21: DISTANCIA A SITIO DE PROVISIÓN DE MATERIAL DE PLAYA (ARENILLON, PIEDRA RODADA DE RIO) (KM) | B21: 52 | C21: Digite la distancia al sitio de provisión de material de playa de acuerdo al certificado expedido por la entidad.
A22: DISTANCIA A SITIO DE PROVISIÓN DE MATERIAL DE PLAYA (TRITURADO) (KM) | B22: 52 | C22: Digite la distancia al sitio de provisión de material de playa de acuerdo al certificado expedido por la entidad.
A23: DISTANCIA A SITIO DE PROVISIÓN DE MATERIAL GRANULAR (KM) | B23: 20 | C23: Digite la distancia al sitio de provisión de material granular de acuerdo al certificado expedido por la entidad.
A24: DISTANCIA A SITIO DE PROVISIÓN DE INSUMOS GENERALES (KM) | B24: 52 | C24: Digite la distancia al sitio de provisión de insumos generales de acuerdo al certificado expedido por la entidad.
A25: DISTANCIA A SITIO DE PROVISIÓN DE ASFALTOS (KM) | C25: Digite la distancia al sitio de provisión de asfaltos de acuerdo al certificado expedido por la entidad.
A26: PÓLIZA DE RCE EXIGIBLE A LA INTERVENTORÍA | B26: SI | C26: Elegir de la lista desplegable si se solicitará a la interventoría la póliza de responsabilidad civil extracontractual
A28: Fecha de actualización: 22 de FEBRERO de 2021 | B28: Nota 1: El archivo contiene referencias circulares, por lo tanto se debe tener activo el calculo iterativo de las fórmulas

Sheet FICHA TECNICA
A1: DEPARTAMENTO DE ANTIOQUIA
A2: =+IF('[8]DATOS INICIALES'!$B$7="","",'[8]DATOS INICIALES'!$B$7) -> MUNICIPIO DE DABEIBA
G3: INSERTE ESCUDO ENTIDAD AQUÍ
A5: PRESUPUESTO INTERVENTORÍA
A7: ITEM | B7: CÓDIGO | C7: DESCRIPCIÓN | D7: CANT | E7: VALOR MENSUAL | F7: PREST. SOC. | G7: DEDIC. % | H7: PLAZO | I7: VALOR PARCIAL
A8: A | B8: COSTOS DIRECTOS DE PERSONAL
A9: 1 | B9: EQUIPO PROFESIONAL
A10: =IF(C10="","",A9+0.1) -> 1.1 | B10: =IF(C10="","",INDEX(CÓDIGOS_MANO_DE_OBRA,MATCH($C10,'[8]INSUMOS MANO DE OBRA'!$B$8:$B$63,0))) -> MO001 | C10: PROFESIONAL DIRECTOR | D10: 1 | G10: 0.5 | H10: 12
A11: =IF(C11="","",A10+0.1) -> 1.2 | B11: =IF(C11="","",INDEX(CÓDIGOS_MANO_DE_OBRA,MATCH($C11,'[8]INSUMOS MANO DE OBRA'!$B$8:$B$63,0))) -> MO002 | C11: PROFESIONAL RESIDENTE | D11: 1 | G11: 1 | H11: 12
A12: =IF(C12="","",A11+0.1) -> 1.3 | B12: =IF(C12="","",INDEX(CÓDIGOS_MANO_DE_OBRA,MATCH($C12,'[8]INSUMOS MANO DE OBRA'!$B$8:$B$63,0))) -> MO006 | C12: TECNOLOGO SST | D12: 1 | G12: 1 | H12: 12
A13: =IF(C13="","",A12+0.1) -> 1.4 | B13: MO007 | C13: TECNOLOGO SOCIO AMBIENTAL | D13: 1 | G13: 0.8 | H13: 12
A14: =IF(C14="","",A13+0.1) | B14: =IF(C14="","",INDEX(CÓDIGOS_MANO_DE_OBRA,MATCH($C14,'[8]INSUMOS MANO DE OBRA'!$B$8:$B$63,0))) | E14: =+IFERROR(VLOOKUP($B14,INSUMOS_MANO_DE_OBRA,4,0),"") | F14: =+IFERROR(ROUND((VLOOKUP($B14,INSUMOS_MANO_DE_OBRA,5,0)-1)*E14,0),"") | I14: =+IF(D14=0,"",IFERROR(D14*(E14)*G14*H14,""))
A15: =IF(C15="","",A14+0.1) | B15: =IF(C15="","",INDEX(CÓDIGOS_MANO_DE_OBRA,MATCH($C15,'[8]INSUMOS MANO DE OBRA'!$B$8:$B$63,0))) | E15: =+IFERROR(VLOOKUP($B15,INSUMOS_MANO_DE_OBRA,4,0),"") | F15: =+IFERROR(ROUND((VLOOKUP($B15,INSUMOS_MANO_DE_OBRA,5,0)-1)*E15,0),"") | I15: =+IF(D15=0,"",IFERROR(D15*(E15)*G15*H15,""))
A16: =IF(C16="","",A15+0.1) | B16: =IF(C16="","",INDEX(CÓDIGOS_MANO_DE_OBRA,MATCH($C16,'[8]INSUMOS MANO DE OBRA'!$B$8:$B$63,0))) | E16: =+IFERROR(VLOOKUP($B16,INSUMOS_MANO_DE_OBRA,4,0),"") | F16: =+IFERROR(ROUND((VLOOKUP($B16,INSUMOS_MANO_DE_OBRA,5,0)-1)*E16,0),"") | I16: =+IF(D16=0,"",IFERROR(D16*(E16)*G16*H16,""))
A17: 2 | B17: PERSONAL TÉCNICO NO PROFESIONAL DE INTERVENTORÍA | I17: =IFERROR(IF(SUM(I18:I20)=0,"",SUM(I18:I20)),"")
A18: =IF(C18="","",A17+0.1) | B18: =IF(C18="","",INDEX(CÓDIGOS_MANO_DE_OBRA,MATCH($C18,'[8]INSUMOS MANO DE OBRA'!$B$8:$B$63,0))) | E18: =+IFERROR(VLOOKUP($B18,INSUMOS_MANO_DE_OBRA,4,0),"") | F18: =+IFERROR(ROUND((VLOOKUP($B18,INSUMOS_MANO_DE_OBRA,5,0)-1)*E18,0),"") | I18: =+IF(D18=0,"",IFERROR(D18*(E18)*G18*H18,""))
A19: =IF(C19="","",A18+0.1) | B19: =IF(C19="","",INDEX(CÓDIGOS_MANO_DE_OBRA,MATCH($C19,'[8]INSUMOS MANO DE OBRA'!$B$8:$B$63,0))) | E19: =+IFERROR(VLOOKUP($B19,INSUMOS_MANO_DE_OBRA,4,0),"") | F19: =+IFERROR(ROUND((VLOOKUP($B19,INSUMOS_MANO_DE_OBRA,5,0)-1)*E19,0),"") | I19: =+IF(D19=0,"",IFERROR(D19*(E19)*G19*H19,""))
A20: =IF(C20="","",A19+0.1) | B20: =IF(C20="","",INDEX(CÓDIGOS_MANO_DE_OBRA,MATCH($C20,'[8]INSUMOS MANO DE OBRA'!$B$8:$B$63,0))) | E20: =+IFERROR(VLOOKUP($B20,INSUMOS_MANO_DE_OBRA,4,0),"") | F20: =+IFERROR(ROUND((VLOOKUP($B20,INSUMOS_MANO_DE_OBRA,5,0)-1)*E20,0),"") | I20: =+IF(D20=0,"",IFERROR(D20*(E20)*G20*H20,""))
A21: 3 | B21: APLICACIÓN FACTOR MULTIPLICADOR
A22: =IF(C22="","",A21+0.1) -> 3.1 | C22: SUBTOTAL COSTOS DE PERSONAL | I22: =IF(SUM(I17,I9)=0,"",SUM(I17,I9))
A23: =IF(C23="","",A22+0.1) -> 3.2 | C23: FACTOR MULTIPLICADOR
A24: =IF(C24="","",A23+0.1) -> 3.3 | C24: VALOR TOTAL COSTOS DE PERSONAL
A25: 4 | B25: OTROS COSTOS DE PERSONAL | I25: =IFERROR(IF(SUM(I26:I29)=0,"",SUM(I26:I29)),"")
A26: =IF(C26="","",A25+0.1) -> 4.1 | C26: VALOR ESTIMADO PARA PROVISIÓN DE HORAS EXTRAS DEL EQUIPO DE TECNÓLOGOS. (PROVISIÓN QUE SE UTILIZARÁ SIEMPRE Y CUANDO LAS HORAS EXTRAS HAYAN SIDO DEBIDAMENTE AUTORIZADAS POR PARTE DEL SUPERVISOR DESIGNADO POR EL DEPARTAMENTO DE ANTIOQUIA Y SÓLO PARA LOS CASOS EN QUE ESTRICTAMENTE SE REQUIERAN. EL VALOR DE LA HORA SE CALCULARÁ DE ACUERDO CON EL SALARIO DE LOS TECNÓLOGOS OFRECIDO EN ESTE FORMULARIO POR EL CONTRATISTA, EL CUAL Y EL MISMO SERÁ AFECTADO POR EL FACTOR MULTIPLICADOR PRESENTADO POR ÉSTE. POR NINGÚN MOTIVO PODRÁN SUPERAR EL MONTO ESTABLECIDO.) | I26: =IFERROR(IF(E26*H26*D26=0,"",E26*H26*D26),"")
A27: =IF(C27="","",A26+0.1) -> 4.2 | C27: GASTOS DE ALOJAMIENTO, TRANSPORTE Y ALIMENTACIÓN. | I27: =IFERROR(IF(E27*H27*D27=0,"",E27*H27*D27),"")
A28: =IF(C28="","",A27+0.1) | I28: =IFERROR(IF(E28*H28*D28=0,"",E28*H28*D28),"")
A29: =IF(C29="","",A28+0.1) | I29: =IFERROR(IF(E29*H29*D29=0,"",E29*H29*D29),"")
B30: TOTAL COSTOS DIRECTOS DE PERSONAL
A31: B | B31: OTROS COSTOS DIRECTOS
A32: 5 | B32: GASTOS DE TRANSPORTE, ALQUILER DE EQUIPO Y OTROS (SE PAGAN CONTRA FACTURA Y RESULTADOS SI APLICA):
A33: =IF(C33="","",A32+0.1) | B33: =IF(C33="","",INDEX('[8]INSUMOS GENERALES'!$A$8:$A$144,MATCH($C33,'[8]INSUMOS GENERALES'!$B$8:$B$144,0))) | E33: =+IF(C33="","",(VLOOKUP($B33,'[8]INSUMOS GENERALES'!$A$8:$D$144,4,0))) | I33: =+IFERROR(D33*E33*H33,"")
A34: =IF(C34="","",A33+0.1) | B34: =IF(C34="","",INDEX('[8]INSUMOS GENERALES'!$A$8:$A$144,MATCH($C34,'[8]INSUMOS GENERALES'!$B$8:$B$144,0)))
C35: PAPELERÍA | D35: 1 | H35: =+H10 -> 12
B36: =IF(C36="","",INDEX('[8]INSUMOS GENERALES'!$A$8:$A$144,MATCH($C36,'[8]INSUMOS GENERALES'!$B$8:$B$144,0))) -> GE010 | C36: COMUNICACIONES (TELÉFONO, FAX, CELULAR, INTERNET, ETC.) MENSUAL EN CAMPO | D36: 2 | H36: =+H35 -> 12
B37: =IF(C37="","",INDEX('[8]INSUMOS GENERALES'!$A$8:$A$144,MATCH($C37,'[8]INSUMOS GENERALES'!$B$8:$B$144,0))) -> GE008 | C37: TARIFA PUESTO DE TRABAJO DEL PERSONAL DE OFICINA DE CAMPO, INCLUYE: ALQUILER DE UN (1) EQUIPO DE COMPUTO COMPLETO, ESCRITORIO, SILLA Y OTROS ENSERES DE OFICINA POR PUESTO DE TRABAJO | D37: 3 | H37: =+H35 -> 12
B38: =IF(C38="","",INDEX('[8]INSUMOS GENERALES'!$A$8:$A$144,MATCH($C38,'[8]INSUMOS GENERALES'!$B$8:$B$144,0))) -> GE009 | C38: IMPRESORA EN OBRA (ALQUILER) | D38: 1 | H38: 12
A39: =IF(C39="","",A38+0.1) | B39: =IF(C39="","",INDEX('[8]INSUMOS GENERALES'!$A$8:$A$144,MATCH($C39,'[8]INSUMOS GENERALES'!$B$8:$B$144,0))) | E39: =+IF(C39="","",(VLOOKUP($B39,'[8]INSUMOS GENERALES'!$A$8:$D$144,4,0)))
A40: =IF(C40="","",A39+0.1)
C41: SERVICIOS DE ENSAYOS DE LABORATORIO: GRANULOMETRÍA, CBR, COMPRESIÓN SIMPLE, FLEXO TRACCIÓN VIGAS ENTRE OTROS QUE SE SOLICITEN POR PARTE DE LA ENTIDAD Y SEAN REALIZADOS POR LA INTERVENTORIA.
A42: 6 | B42: OTROS COSTOS (SE PAGAN CONTRA FACTURA Y RESULTADOS SI APLICA):
A43: =IF(C43="","",A42+0.1) -> 6.1 | C43: ASESORÍAS ESPECIALIZADAS
A44: =IF(C44="","",A43+0.1) -> 6.2 | C44: PROVISIÓN PARA EL PAGO DE PRIMAS DE PÓLIZAS (GARANTÍAS) | O44: 184000000 | P44: 1600000
A45: =IF(C45="","",A44+0.1) | O45: 850000000 | P45: =(O45*P44)/O44 -> 7391304.3
A46: VALOR BÁSICO TOTAL | I46: =IFERROR(IF(SUM(I31,I8)=0,"",ROUND(SUM(I31,I8),0)),"")
A47: IVA | I47: =+IFERROR(ROUND(I46*H47,0),"")
A48: TOTAL INTERVENTORÍA | I48: =IF(I46="","",SUM(I46:I47))

Sheet PRESUPUESTO
A1: DEPARTAMENTO DE ANTIOQUIA
A2: ='DATOS INICIALES'!B2 -> MUNICIPIO DE DABEIBA
A3: ='DATOS INICIALES'!B3 -> CONSTRUCCIÓN DE CASA DE SALUD EN EL CORREGIMIENTO LA BALSITA DEL MUNICIPIO DE DABEIBA
A5: PRESUPUESTO GENERAL
A7: ITEM | B7: ESPECIFICACIONES | D7: DESCRIPCIÓN | E7: UNIDAD | F7: CANTIDAD | G7: VR.UNITARIO | H7: VALOR TOTAL
B8: GENERAL | C8: PARTICULAR
D9: CAPITULO DE ACUEDUCTO | H9: =+H10+H13+H16+H19+H24+H38+H44 -> 1.1543706e+09
A10: 1 | D10: PRELIMINARES ACUEDUCTO | H10: =+H11+H12 -> 9911928
A11: 1.1 | D11: comision topografica para localizacio, Trazado y replanteo | E11: DIA | F11: 8 | G11: 699207 | H11: =F11*G11 -> 5593656
A12: 1.2 | D12: Descapote, desmonte y limpieza | E12: m² | F12: 214.2 | G12: 20160 | H12: =F12*G12 -> 4318272
A13: 2 | D13: DEMOLICIONES, CORTES, ROTURAS ACUEDUCTO | H13: =+H14+H15 -> 27698310
A14: 2.1 | D14: Demolición de tubería existente y disposición final de escombros en sitios oficiales. | E14: m3 | F14: 30 | G14: 105797 | H14: =F14*G14 -> 3173910
A15: 2.2 | D15: Demolición de andén en cualquier acabado (incluye retiro) | E15: m³ | F15: 160.5 | G15: 152800 | H15: =F15*G15 -> 24524400
A16: 3 | D16: excavaciones ACUEDUCTO | H16: =+H17+H18 -> 1.8069966e+08
A17: 3.1 | D17: Excavación en Roca a cualquier profundidad y bajo cualquier condición de humedad por métodos no explosivos. Incluye desembombe | E17: m³ | F17: 91.32 | G17: 545630 | H17: =F17*G17 -> 49826932
A18: 3.2 | D18: Excavación manual o mecánica en material común o roca descompuesta a profundidad de 0-2m, bajo cualquier condición de humedad | E18: m³ | F18: 2391.68 | G18: 54720 | H18: =F18*G18 -> 1.3087273e+08
A19: 4 | D19: llenos y apisonados ACUEDUCTO | H19: =+H20+H21+H23+H22 -> 3.2045941e+08
A20: 4.1 | D20: Lleno compactado mecanicamente con material de prestamo densidad de compactación >=95% PM | E20: m³ | F20: =+I20+J20 -> 545.25 | G20: 121327 | H20: =F20*G20 -> 66153547 | I20: 395.25 | J20: 150
A21: 4.2 | D21: Lleno y apisonado de zanjas y apiques con material selecto de la excavación, densidad de compactación >=95% PM | E21: m³ | F21: =+I21+J21 -> 545.25 | G21: 45522 | H21: =F21*G21 -> 24820870 | I21: 395.25 | J21: 150
A22: 4.3 | D22: Cargue, retiro y disposición final de material excedente a sitio autorizado | E22: m³ | F22: =+I22+J22 -> 1937.75 | G22: 76023 | H22: =F22*G22 -> 1.4731357e+08 | I22: 1287.75 | J22: 650
A23: 4.4 | D23: Lleno y apisonado con triturado clase 1 (ASTM D2321) 3/4" a 1/2" | E23: m³ | F23: =+I23+J23 -> 557 | G23: 147525 | H23: =F23*G23 -> 82171425 | I23: 357 | J23: 200
A24: 5 | D24: tuberia ACUEDUCTO | H24: =+H25+H26+H27+H28+H29+H30+H31+H32+H33+H34+H35+H36+H37 -> 235636626
A25: 5.1 | D25: tubería de polietileno de alta densidad PE100 - RDE11- PN16 (232PSI), Ø250mm | E25: m | F25: 138 | G25: 305583 | H25: =F25*G25 -> 42170454
A26: 5.2 | D26: tubería de polietileno de alta densidad PE100 - RDE11- PN16 (232PSI), Ø110mm | E26: m | F26: 364 | G26: 77214 | H26: =F26*G26 -> 28105896
A27: 5.3 | D27: tubería de polietileno de alta densidad PE100 - RDE11- PN16 (232PSI), Ø90mm | E27: m | F27: 2047 | G27: 63530 | H27: =F27*G27 -> 130045910
A28: 5.4 | D28: Suministro y transporte de Válvula de Compuerta Elástica VNA en HD, 3" (90 mm) BXB | E28: un | F28: 20 | G28: 1050000 | H28: =F28*G28 -> 21000000
A29: 5.5 | D29: Suministro y transporte de Válvula de Compuerta Elástica VNA en HD, 8" (200 mm) BXB | E29: un | F29: 1 | G29: 3420951 | H29: =F29*G29 -> 3420951
A30: 5.6 | D30: S.T.C. Instalación de cinta de señalización y referenciación de redes de acueducto. | E30: m | F30: 2550 | G30: 2102 | H30: =F30*G30 -> 5360100
A31: 5.7 | D31: Instalación de Codo 90°, 90 mm PN16 RDE11, unión termofusión. Incluye todo lo necesario para su correcta ejecución. | E31: un | F31: 8 | G31: 141054 | H31: =F31*G31 -> 1128432
A32: 5.8 | D32: Instalación de Codo 45°, 90 mm PN16 RDE11, unión termofusión. Incluye todo lo necesario para su correcta ejecución. | E32: un | F32: 6 | G32: 141054 | H32: =F32*G32 -> 846324
A33: 5.9 | D33: Instalación de Tee RED 90mm x 75mm (4"x3") PN16 RDE11, unión termofusión. Incluye todo lo necesario para su correcta ejecución. | E33: un | F33: 4 | G33: 58725 | H33: =F33*G33 -> 234900
A34: 5.10 | D34: Instalación de Tee RED 110mm x 90mm (4"x2") PN16 RDE11, unión termofusión. Incluye todo lo necesario para su correcta ejecución. | E34: un | F34: 2 | G34: 58725 | H34: =F34*G34 -> 117450
A35: 5.11 | D35: Instalación de Tee 90mm x 90 mm (3"x3") PN16 RDE11, unión termofusión. Incluye todo lo necesario para su correcta ejecución. | E35: un | F35: 10 | G35: 112462 | H35: =F35*G35 -> 1124620
A36: 5.12 | D36: Instalación de Tee RED 90mm x 75 mm (3"x2") PN16 RDE11, unión termofusión. Incluye todo lo necesario para su correcta ejecución. | E36: un | F36: 9 | G36: 92675 | H36: =F36*G36 -> 834075
A37: 5.13 | D37: Instalación de Conjunto Brida metálica y Porta Brida, 110 mm PN16 RDE11, unión termofusión. Incluye todo lo necesario para su correcta ejecución. | E37: un | F37: 6 | G37: 207919 | H37: =F37*G37 -> 1247514
A38: 6 | D38: ACOMETIDAS DE ACUEDUCTO | H38: =+H39+H40+H41+H42+H43 -> 251839784
A39: 6.1 | D39: Suministro y transporte de acometida en tubería PEAD PE 80 PN 12.5 RDE13.6 DE 20mm, 5 m en promedio. Incluye collar de derivación a de 8" a 1/2", registro de incorporación 1/2", adaptador macho PF+AUD de 1/2", registo de corte antifraude de 1/2", registro de corte sencillo hxh 1/2" y todo lo necesario para su correcta ejecución según diseño. (No incluye medidor) | E39: un | F39: 189 | G39: 498520 | H39: =F39*G39 -> 94220280
A40: 6.2 | D40: Suministro y transporte de acometida en tubería PEAD PE 80 PN 12.5 RDE13.6 DE 20mm, 5 m en promedio. Incluye collar de derivación a de 4" a 1/2", registro de incorporación 1/2", adaptador macho PF+AUD de 1/2", registo de corte antifraude de 1/2", registro de corte sencillo hxh 1/2" y todo lo necesario para su correcta ejecución según diseño. (No incluye medidor) | E40: un | F40: 91 | G40: 457879 | H40: =F40*G40 -> 41666989
A41: 6.3 | D41: Suministro y transporte de acometida en tubería PEAD PE 80 PN 12.5 RDE13.6 DE 20mm, 5 m en promedio. Incluye collar de derivación a de 3" a 1/2", registro de incorporación 1/2", adaptador macho PF+AUD de 1/2", registo de corte antifraude de 1/2", registro de corte sencillo hxh 1/2" y todo lo necesario para su correcta ejecución según diseño. (No incluye medidor) | E41: un | F41: 220 | G41: 417273 | H41: =F41*G41 -> 91800060
A42: 6.4 | D42: Suministro, transporte e instalación de medidor de velocidad, cuerpo de bronce, chorro único, D=1/2" Clase B (incluye accesorios para su correcta instalación e informe de calibración individual) | E42: m | F42: 50 | G42: 303715 | H42: =F42*G42 -> 15185750
A43: 6.5 | D43: Suministro, Transporte y Colocación de caja para medidor de acueducto de diámetro 13 mm (1/2"), plástica en polipropileno con tapa en HD antifraude. Incluye excavación, retiro y botada. | E43: un | F43: 50 | G43: 179334.1 | H43: =F43*G43 -> 8966705
A44: 7 | D44: OBRAS COMPLEMENTARIAS DE ACUEDUCTO | H44: =+H45+H46+H47+H48+H49+H50 -> 1.2812489e+08
A45: 7.1 | D45: Suministro, transporte e instalación de enchape de piso en gress, incluye todo lo necesario para su instalación | E45: m² | F45: 75 | G45: 196719 | H45: =F45*G45 -> 14753925
A46: 7.2 | D46: Suministro, transporte e instalación de concreto de 14 Mpa de para empotramientos y/o anclajes de tuberías y accesorios. | E46: m3 | F46: 3.75 | G46: 716254 | H46: =F46*G46 -> 2685952.5
A47: 7.3 | D47: Acero de refuerzo, F'y = 4200 Kg/cm² , 60.000 psi | E47: kg | F47: 450 | G47: 7560 | H47: =F47*G47 -> 3402000
A48: 7.4 | D48: Suministro, transporte e instalación de caja para válvula según Norma EPM NC-AS-IL01-05 en concreto de 21 Mpa. Incluye, excavación, cargue, retiro y disposición final de material excedente, llenos y demás actividades. | E48: un | F48: 22 | G48: 625673 | H48: =F48*G48 -> 13764806
A49: 7.5 | D49: Desinfecccion y prueba hidrostática de redes de acueducto Ø90mm , Ø63mm, Ø110mm y Ø160mm con hipoclorito de sodio norma de EPM, comprende lavada de tuberia, aplicacion de hipoclorito, toma de muestras en los diferentes procesos, analisis de laboratorio. | E49: m | F49: 2550 | G49: 3253.1 | H49: =F49*G49 -> 8295405
A50: 7.6 | D50: Construcción y/o reconstrucción de andén en concreto de 21 Mpa, espesor de 10cm. incluye piedra entresuelo e=0.15m, arenilla compactada e=0.05m , juntas y acabados. | E50: m2 | F50: 675 | G50: 126256 | H50: =F50*G50 -> 85222800
D51: CAPITULO DE ALCANTARILLADO | H51: =+H52+H54+H57+H65+H71+H81+H92 -> 3.0731993e+09
A52: 8 | D52: PRELIMINARES DE ALCANTARILLADO | H52: =+H53 -> 13984140
A53: 8.1 | D53: comision topografica para localizacio, Trazado y replanteo | E53: DIA | F53: 20 | G53: 699207 | H53: =F53*G53 -> 13984140
A54: 9 | D54: DEMOLICIONES Y RETIROS | H54: =+H55+H56 -> 57099867
A55: 2.3 | D55: Retiro y disposición final de tubería | E55: ml | F55: 1657.19 | G55: 13780 | H55: =F55*G55 -> 22836078
A56: 2.4 | D56: Demolición de cámaras de inspección de 1,2m de diámetro | E56: ml | F56: 81.23 | G56: 421812 | H56: =F56*G56 -> 34263789
A57: 10 | D57: EXCAVACIONES DE ALCANTARILLADO | H57: =+H58+H59+H60+H61+H62+H64+H63 -> 6.8750785e+08
A58: 10.1 | D58: Excavación en Roca a cualquier profundidad y bajo cualquier condición de humedad por métodos no explosivos. Incluye desembombe | E58: m³ | F58: 180.63019 | G58: 545630 | H58: =F58*G58 -> 98557252
A59: 10.2 | D59: Excavación manual o mecánica en material común o roca descompuesta a profundidad de 0-2m, bajo cualquier condición de humedad | E59: m³ | F59: 3551.0543 | G59: 54720 | H59: =F59*G59 -> 1.9431369e+08
A60: 10.3 | D60: Excavación manual o mecanica en material común o roca descompuesta a profundidad de 2-4m, bajo cualquier condición de humedad | E60: m³ | F60: 495.20248 | G60: 70832 | H60: =F60*G60 -> 35076182
A61: 10.4 | D61: Excavación manual o mecánica en material común o roca descompuesta a profundidades > 4m, bajo cualquier condición de humedad | E61: m³ | F61: 8.556552 | G61: 92432 | H61: =F61*G61 -> 790899.22
A62: 10.5 | D62: Instalación de tubería con excavación sin zanja por el metodo de Perforación Horizontal Dirigida (PHD), incluye personal experto, equipos y las herramientas para la instalación de la tubería, incluye la investigación de redes y geotecnia,Se entrega alineamiento en planta y perfil del tramo instalado con cartera de campo (no incluye: permisos para la ejecución, aspectos de manejo socio-ambiental e impacto comunitario, campamentos, tubería PE ni termofusión ni maquinaria para apertura de nichos) | E62: m | F62: 64.53 | G62: 4235274 | H62: =F62*G62 -> 2.7330223e+08
A63: 10.6 | D63: Instalación de entibado temporal | E63: m² | F63: 1039.932 | G63: 59148 | H63: =F63*G63 -> 61509899
A64: 10.7 | D64: Instalación de entibado permanente | E64: m² | F64: 259.983 | G64: 92151 | H64: =F64*G64 -> 23957694
A65: 11 | D65: LLENOS Y APISONADO DE ALCANTARILLADO | H65: =+H66+H67+H68+H70++H69 -> 4.4212118e+08
A66: 4.1 | D66: Lleno compactado mecanicamente con material de prestamo densidad de compactación >=95% PM | E66: m³ | F66: =574.443471802654+K66 -> 925.25659 | G66: 121327 | H66: =F66*G66 -> 1.1225861e+08 | I66: Lleno compactado mecanicamente con material de prestamo densidad de compactación >=95% PM | J66: m³ | K66: 350.81312 | L66: 121327
A67: 4.2 | D67: Lleno y apisonado de zanjas y apiques con material selecto de la excavación, densidad de compactación >=95% PM | E67: m³ | F67: 2297.7739 | G67: 45522 | H67: =F67*G67 -> 1.0459926e+08 | I67: Cargue, retiro y disposición final de material excedente a sitio autorizado | J67: m³ | K67: 523.42712 | L67: 76023
A68: 4.3 | D68: Cargue, retiro y disposición final de material excedente a sitio autorizado | E68: m³ | F68: =910.4835004603+K67 -> 1433.9106 | G68: 76023 | H68: =F68*G68 -> 1.0901019e+08 | I68: Colocación de base en material granular ASTM tipo II, para zanjas y apiques | J68: m³ | K68: 111.42 | L68: 139655.79
A69: 4.4 | D69: Colocación de base en material granular ASTM tipo II, para zanjas y apiques | E69: m³ | F69: =293.38815+K68 -> 404.80815 | G69: 139655.79 | H69: =F69*G69 -> 56533801 | I69: Lleno y apisonado con triturado clase 1 (ASTM D2321) 3/4" a 1/2" | J69: m³ | K69: 111.42 | L69: 147525
A70: 4.5 | D70: Lleno y apisonado con triturado clase 1 (ASTM D2321) 3/4" a 1/2" | E70: m³ | F70: =293.38815+K69 -> 404.80815 | G70: 147525 | H70: =F70*G70 -> 59719322
A71: 12 | D71: SUMINISTRO TRANSPORTE E INSTALACION DE CONCRETOS Y ACEROS PARA ALCANTARILLADO | G71: =IF(A71=0,"",IFERROR(VLOOKUP($A71,APU,7,0),"")) | H71: =+H72+H73+H74+H75+H76+H77+H78+H79+H80 -> 4.2301292e+08
A72: 12.1 | D72: Construcción de cilindro para cámaras de inspección de Ø=1,20 m de concreto de f'c=4000 PSI | E72: ml | F72: 73.107 | G72: 1120892 | H72: =F72*G72 -> 81945051
A73: 12.2 | D73: Construcción de Cono concéntrico, cuello, base y cañuela para cámaras de inspección de Ø=1,20 m de concreto f'c=4000 PSI | E73: un | F73: 37 | G73: 1238496 | H73: =F73*G73 -> 45824352
A74: 12.3 | D74: Peldaños galvanizados tipo uña de gato, en acero corrugado de Ø3/4mm | E74: un | F74: 243.69 | G74: 41059 | H74: =F74*G74 -> 10005668
A75: 12.4 | D75: Anillo y tapa polimérica circular de 0,7m de diámetro para cámaras de inspección | E75: un | F75: 37 | G75: 263439.47 | H75: =F75*G75 -> 9747260.6
A76: 12.5 | D76: Construcción de aliviadero de cañuela elevada en concreto de 21 Mpa (3.000psi) para zonas de trafico vehicular de Ø 1.20m y hasta 4m de profundidad (medidas internas), espesor de muros 0,2m y espesor de losas de 0,2m. Incluye cimentación, cañuelka elevada en concreto, acero de refuerzo de 60.000psi, peldaños galvanizados y tapa | E76: un | F76: 2 | G76: 5324898.8 | H76: =F76*G76 -> 10649798
A77: 12.6 | D77: CONSTRUCCIÓN DE CAJAS DE EMPALME para domiciliar (0,50 x 0,50internos ), incluye tapa, acero de refuerzo (60.000 psi), en concreto impermeabilizado de 28Mpa. Incluye cañuela, panes, tapa con su herraje, solado e=0,05m y todo lo necesario para su correcta ejecución | E77: un | F77: 500 | G77: 510403.2 | H77: =F77*G77 -> 255201600
A78: 12.7 | D78: S.T.C. de cabezote de 747 mm en Concreto f'c = 210kg/cm2, incluye acero y formaletería de concreto a la vista | E78: un | F78: 1 | G78: 4199826.8 | H78: =F78*G78 -> 4199826.8
A79: 12.8 | D79: S.T.C. de cabezote de 284 mm en Concreto f'c = 210kg/cm2, incluye acero y formaletería de concreto a la vista | E79: un | F79: 1 | G79: 2061935.3 | H79: =F79*G79 -> 2061935.3
A80: 12.9 | D80: S.T.C. de cabezote de 452 mm en Concreto f'c = 210kg/cm2, incluye acero y formaletería de concreto a la vista | E80: un | F80: 1 | G80: 3377426.6 | H80: =F80*G80 -> 3377426.6
A81: 13 | D81: REDES DE ALCANTARILLADO | G81: =IF(A81=0,"",IFERROR(VLOOKUP($A81,APU,7,0),"")) | H81: =+H82+H83+H84+H85+H86+H87+H88+H89+H90+H91 -> 1.3715304e+09
A82: 13.1 | D82: Tubería PVC alcantarillado hermético de pared estructural, interior lisa y exterior corrugada - unión mecánica, campana espigo con hidrosello de caucho - Norma NTC 5055 Øinterno 227 mm. DN=250mm) Incluye nivelación con comisión de topografía. | E82: ml | F82: 56.78 | G82: 136877.52 | H82: =F82*G82 -> 7771905.8
A83: 13.2 | D83: Tubería PVC alcantarillado hermético de pared estructural, interior lisa y exterior corrugada - unión mecánica, campana espigo con hidrosello de caucho - Norma NTC 5055 Øinterno 284 mm. DN=315mm) Incluye nivelación con comisión de topografía | E83: ml | F83: 372.23 | G83: 191392.58 | H83: =F83*G83 -> 71242059
A84: 13.3 | D84: Tubería PVC alcantarillado hermético de pared estructural, interior lisa y exterior corrugada - unión mecánica, campana espigo con hidrosello de caucho - Norma NTC 5055 Øinterno 327 mm. DN=355mm) Incluye nivelación con comisión de topografía. | E84: ml | F84: 258.48 | G84: 280535.24 | H84: =F84*G84 -> 72512749
A85: 13.4 | D85: Tubería PVC alcantarillado hermético de pared estructural, interior lisa y exterior corrugada - unión mecánica, campana espigo con hidrosello de caucho - Norma NTC 5055 Øinterno 362 mm. DN=400mm) Incluye nivelación con comisión de topografía. | E85: ml | F85: 326.66 | G85: 353051.6 | H85: =F85*G85 -> 1.1532784e+08
A86: 13.5 | D86: Tubería PVC alcantarillado hermético de pared estructural, interior lisa y exterior corrugada - unión mecánica, campana espigo con hidrosello de caucho - Norma NTC 5055 Øinterno 407 mm. (DN=450mm). Incluye nivelación con comisión de topografía. | E86: ml | F86: 329.77 | G86: 470191.44 | H86: =F86*G86 -> 1.5505503e+08
A87: 13.6 | D87: Tubería PVC alcantarillado hermético de pared estructural, interior lisa y exterior corrugada - unión mecánica, campana espigo con hidrosello de caucho - Norma NTC 5055 Øinterno 452 mm. DN=500mm) Incluye nivelación con comisión de topografía. | E87: ml | F87: 18.16 | G87: 591158.76 | H87: =F87*G87 -> 10735443
A88: 13.7 | D88: Tubería PVC alcantarillado hermético de pared estructural, interior lisa y exterior corrugada - unión mecánica, campana espigo con hidrosello de caucho - Norma NTC 5055 Øinterno 595.12 mm. DN=650mm - 24") Incluye nivelación con comisión de topografía. | E88: ml | F88: 263.71 | G88: 820777.72 | H88: =F88*G88 -> 2.1644729e+08
A89: 13.8 | D89: Tubería PVC alcantarillado hermético de pared estructural, interior lisa y exterior corrugada - unión mecánica, campana espigo con hidrosello de caucho - Norma NTC 5055 Øinterno 747 mm. DN=813mm) Incluye nivelación con comisión de topografía | E89: ml | F89: 359.34 | G89: 1205808 | H89: =F89*G89 -> 4.3329503e+08
A90: 13.9 | D90: Tubería PVC alcantarillado hermético de pared estructural, interior lisa y exterior corrugada - unión mecánica, campana espigo con hidrosello de caucho - Norma NTC 5055 - Ø160mm (6"). | E90: m | F90: 2000 | G90: 75778.561 | H90: =F90*G90 -> 1.5155712e+08
A91: 13.10 | D91: Kit Silla Yee PVC alcantarillado hermético, incluye 2 abrazaderas, 1 caucho y 1 codo PVC 45° Ø160mm - Norma NTC 3722-1 - Ø250mm x Ø160mm (10"X6") | E91: un | F91: 500 | G91: 275171.83 | H91: =F91*G91 -> 1.3758592e+08
A92: 14 | D92: OBRAS COMPLEMENTARIAS DE ALCANTARILLADO | H92: =+H93+H94+H95+H96+H97 -> 77942985
A93: 14.1 | D93: Suministro, transporte e instalación de enchape de piso en gress, incluye todo lo necesario para su instalación | E93: m² | F93: 120 | G93: 196719 | H93: =F93*G93 -> 23606280
A94: 14.2 | D94: Televisación de redes de alcantarillado incluye el lavado de las redes e ingreso a cualquier tipo de zona. | E94: ml | F94: 56.78 | G94: 48777 | H94: =F94*G94 -> 2769558.1
A95: 14.3 | D95: Instalación de engramado con cespedones en gramalote | E95: m² | F95: 113.39 | G95: 38516 | H95: =F95*G95 -> 4367329.2
A96: 14.4 | D96: Construcción de sumidero tipo B, para aguas lluvias, incluye canastilla | E96: un | F96: 30 | G96: 1161291 | H96: =F96*G96 -> 34838730
A97: 14.5 | D97: Tubería PVC alcantarillado hermético de pared estructural, interior lisa y exterior corrugada - unión mecánica, campana espigo con hidrosello de caucho - Norma NTC 5055 - Ø200mm (8"). Incluye nivelación con comisión de topografía. | E97: m | F97: 120 | G97: 103009.07 | H97: =F97*G97 -> 12361088
D98: CAPITULO DE PAVIMENTO | H98: =+H99+H104+H107+H109+H112 -> 1658080930
A99: 15 | D99: PRELIMINARES DE PAVIMENTO | H99: =+H100+H101+H102+H103 -> 224223601
A100: 15.1 | D100: Demolición de pavimento rígido, de cualquier resistencia y espesor. Incluye retiro de entresuelo adherido, de acero de refuerzo, de cordones, el cargue y disposición final. Incluye transporte hasta el sitio que indique la interventoría. | E100: M3 | F100: 601 | G100: 182272 | H100: =F100*G100 -> 109545472
A101: 15.2 | D101: Conformación del material de la sub rasante existente con maquinaria, Incluye nivelación, compactación, limpieza y todo lo necesario para la correcta ejecución de la actividad. | E101: M2 | F101: 4755 | G101: 5113 | H101: =F101*G101 -> 24312315
A102: 15.3 | D102: Localización Trazado Y Replanteo con equipos de topografía, incluye levantamiento inicial, implantación de la geometría del diseño con sección tranversal de la vía y controles de niveles para el proceso constructivo. | E102: DIA | F102: 20 | G102: 699207 | H102: =F102*G102 -> 13984140
...

Sheet INTERV
A1: DEPARTAMENTO DE ANTIOQUIA
A2: =+IF('[8]DATOS INICIALES'!$B$7="","",'[8]DATOS INICIALES'!$B$7) -> MUNICIPIO DE DABEIBA
G3: INSERTE ESCUDO ENTIDAD AQUÍ
A5: PRESUPUESTO INTERVENTORÍA
A7: ITEM | B7: CÓDIGO | C7: DESCRIPCIÓN | D7: CANT | E7: VALOR MENSUAL | F7: PREST. SOC. | G7: DEDIC. % | H7: PLAZO | I7: VALOR PARCIAL
A8: A | B8: COSTOS DIRECTOS DE PERSONAL | I8: =I24 -> 6.1718008e+08
A9: 1 | B9: EQUIPO PROFESIONAL | I9: =IFERROR(IF(SUM(I10:I16)=0,"",SUM(I10:I16)),"") -> 260413536
A10: =IF(C10="","",A9+0.1) -> 1.1 | B10: =IF(C10="","",INDEX(CÓDIGOS_MANO_DE_OBRA,MATCH($C10,'[8]INSUMOS MANO DE OBRA'!$B$8:$B$63,0))) -> MO001 | C10: PROFESIONAL DIRECTOR | D10: 1 | E10: 7353801 | F10: 3676901 | G10: 0.5 | H10: 12 | I10: =(E10+F10)*G10*H10 -> 66184212
A11: =IF(C11="","",A10+0.1) -> 1.2 | B11: =IF(C11="","",INDEX(CÓDIGOS_MANO_DE_OBRA,MATCH($C11,'[8]INSUMOS MANO DE OBRA'!$B$8:$B$63,0))) -> MO002 | C11: PROFESIONAL RESIDENTE | D11: 1 | E11: 4377263 | F11: 2232404 | G11: 1 | H11: 12 | I11: =(E11+F11)*G11*H11 -> 79316004
A12: =IF(C12="","",A11+0.1) -> 1.3 | B12: =IF(C12="","",INDEX(CÓDIGOS_MANO_DE_OBRA,MATCH($C12,'[8]INSUMOS MANO DE OBRA'!$B$8:$B$63,0))) -> MO006 | C12: TECNOLOGO SST | D12: 1 | E12: 3075000 | F12: 1934750 | G12: 1 | H12: 12 | I12: =(E12+F12)*G12*H12 -> 60117000
A13: =IF(C13="","",A12+0.1) -> 1.4 | B13: MO007 | C13: TECNOLOGO SOCIO AMBIENTAL | D13: 1 | E13: 3501810 | F13: 2206140 | G13: 0.8 | H13: 12 | I13: =(E13+F13)*G13*H13 -> 54796320
A14: =IF(C14="","",A13+0.1) | B14: =IF(C14="","",INDEX(CÓDIGOS_MANO_DE_OBRA,MATCH($C14,'[8]INSUMOS MANO DE OBRA'!$B$8:$B$63,0))) | E14: =+IFERROR(VLOOKUP($B14,INSUMOS_MANO_DE_OBRA,4,0),"") | F14: =+IFERROR(ROUND((VLOOKUP($B14,INSUMOS_MANO_DE_OBRA,5,0)-1)*E14,0),"") | I14: =+IF(D14=0,"",IFERROR(D14*(E14)*G14*H14,""))
A15: =IF(C15="","",A14+0.1) | B15: =IF(C15="","",INDEX(CÓDIGOS_MANO_DE_OBRA,MATCH($C15,'[8]INSUMOS MANO DE OBRA'!$B$8:$B$63,0))) | E15: =+IFERROR(VLOOKUP($B15,INSUMOS_MANO_DE_OBRA,4,0),"") | F15: =+IFERROR(ROUND((VLOOKUP($B15,INSUMOS_MANO_DE_OBRA,5,0)-1)*E15,0),"") | I15: =+IF(D15=0,"",IFERROR(D15*(E15)*G15*H15,""))
A16: =IF(C16="","",A15+0.1) | B16: =IF(C16="","",INDEX(CÓDIGOS_MANO_DE_OBRA,MATCH($C16,'[8]INSUMOS MANO DE OBRA'!$B$8:$B$63,0))) | E16: =+IFERROR(VLOOKUP($B16,INSUMOS_MANO_DE_OBRA,4,0),"") | F16: =+IFERROR(ROUND((VLOOKUP($B16,INSUMOS_MANO_DE_OBRA,5,0)-1)*E16,0),"") | I16: =+IF(D16=0,"",IFERROR(D16*(E16)*G16*H16,""))
A17: 2 | B17: PERSONAL TÉCNICO NO PROFESIONAL DE INTERVENTORÍA | I17: =IFERROR(IF(SUM(I18:I20)=0,"",SUM(I18:I20)),"")
A18: =IF(C18="","",A17+0.1) | B18: =IF(C18="","",INDEX(CÓDIGOS_MANO_DE_OBRA,MATCH($C18,'[8]INSUMOS MANO DE OBRA'!$B$8:$B$63,0))) | E18: =+IFERROR(VLOOKUP($B18,INSUMOS_MANO_DE_OBRA,4,0),"") | F18: =+IFERROR(ROUND((VLOOKUP($B18,INSUMOS_MANO_DE_OBRA,5,0)-1)*E18,0),"") | I18: =+IF(D18=0,"",IFERROR(D18*(E18)*G18*H18,""))
A19: =IF(C19="","",A18+0.1) | B19: =IF(C19="","",INDEX(CÓDIGOS_MANO_DE_OBRA,MATCH($C19,'[8]INSUMOS MANO DE OBRA'!$B$8:$B$63,0))) | E19: =+IFERROR(VLOOKUP($B19,INSUMOS_MANO_DE_OBRA,4,0),"") | F19: =+IFERROR(ROUND((VLOOKUP($B19,INSUMOS_MANO_DE_OBRA,5,0)-1)*E19,0),"") | I19: =+IF(D19=0,"",IFERROR(D19*(E19)*G19*H19,""))
A20: =IF(C20="","",A19+0.1) | B20: =IF(C20="","",INDEX(CÓDIGOS_MANO_DE_OBRA,MATCH($C20,'[8]INSUMOS MANO DE OBRA'!$B$8:$B$63,0))) | E20: =+IFERROR(VLOOKUP($B20,INSUMOS_MANO_DE_OBRA,4,0),"") | F20: =+IFERROR(ROUND((VLOOKUP($B20,INSUMOS_MANO_DE_OBRA,5,0)-1)*E20,0),"") | I20: =+IF(D20=0,"",IFERROR(D20*(E20)*G20*H20,""))
A21: 3 | B21: APLICACIÓN FACTOR MULTIPLICADOR
A22: =IF(C22="","",A21+0.1) -> 3.1 | C22: SUBTOTAL COSTOS DE PERSONAL | I22: =IF(SUM(I17,I9)=0,"",SUM(I17,I9)) -> 260413536
A23: =IF(C23="","",A22+0.1) -> 3.2 | C23: FACTOR MULTIPLICADOR | I23: =[10]FM!G34 -> 2.37
A24: =IF(C24="","",A23+0.1) -> 3.3 | C24: VALOR TOTAL COSTOS DE PERSONAL | I24: =I22*I23 -> 6.1718008e+08
A25: 4 | B25: OTROS COSTOS DE PERSONAL | I25: =IFERROR(IF(SUM(I26:I29)=0,"",SUM(I26:I29)),"")
A26: =IF(C26="","",A25+0.1) -> 4.1 | C26: VALOR ESTIMADO PARA PROVISIÓN DE HORAS EXTRAS DEL EQUIPO DE TECNÓLOGOS. (PROVISIÓN QUE SE UTILIZARÁ SIEMPRE Y CUANDO LAS HORAS EXTRAS HAYAN SIDO DEBIDAMENTE AUTORIZADAS POR PARTE DEL SUPERVISOR DESIGNADO POR EL DEPARTAMENTO DE ANTIOQUIA Y SÓLO PARA LOS CASOS EN QUE ESTRICTAMENTE SE REQUIERAN. EL VALOR DE LA HORA SE CALCULARÁ DE ACUERDO CON EL SALARIO DE LOS TECNÓLOGOS OFRECIDO EN ESTE FORMULARIO POR EL CONTRATISTA, EL CUAL Y EL MISMO SERÁ AFECTADO POR EL FACTOR MULTIPLICADOR PRESENTADO POR ÉSTE. POR NINGÚN MOTIVO PODRÁN SUPERAR EL MONTO ESTABLECIDO.) | I26: =IFERROR(IF(E26*H26*D26=0,"",E26*H26*D26),"")
A27: =IF(C27="","",A26+0.1) -> 4.2 | C27: GASTOS DE ALOJAMIENTO, TRANSPORTE Y ALIMENTACIÓN. | I27: =IFERROR(IF(E27*H27*D27=0,"",E27*H27*D27),"")
A28: =IF(C28="","",A27+0.1) | I28: =IFERROR(IF(E28*H28*D28=0,"",E28*H28*D28),"")
A29: =IF(C29="","",A28+0.1) | I29: =IFERROR(IF(E29*H29*D29=0,"",E29*H29*D29),"")
B30: TOTAL COSTOS DIRECTOS DE PERSONAL | I30: =SUM(I25,I24) -> 6.1718008e+08
A31: B | B31: OTROS COSTOS DIRECTOS | I31: =+I32+I42 -> 28084054
A32: 5 | B32: GASTOS DE TRANSPORTE, ALQUILER DE EQUIPO Y OTROS (SE PAGAN CONTRA FACTURA Y RESULTADOS SI APLICA): | I32: =IF(SUM(I33:I41)=0,0,SUM(I33:I41)) -> 21260000
A33: =IF(C33="","",A32+0.1) | B33: =IF(C33="","",INDEX('[8]INSUMOS GENERALES'!$A$8:$A$144,MATCH($C33,'[8]INSUMOS GENERALES'!$B$8:$B$144,0))) | E33: =+IF(C33="","",(VLOOKUP($B33,'[8]INSUMOS GENERALES'!$A$8:$D$144,4,0))) | I33: =+IFERROR(D33*E33*H33,"")
A34: =IF(C34="","",A33+0.1) | B34: =IF(C34="","",INDEX('[8]INSUMOS GENERALES'!$A$8:$A$144,MATCH($C34,'[8]INSUMOS GENERALES'!$B$8:$B$144,0))) | E34: =+IF(C34="","",(VLOOKUP($B34,'[8]INSUMOS GENERALES'!$A$8:$D$144,4,0))) | I34: =+IFERROR(D34*E34*H34,"")
C35: PAPELERÍA | D35: 1 | E35: 200000 | H35: =+H10 -> 12 | I35: =+IFERROR(D35*E35*H35,"") -> 2400000
B36: =IF(C36="","",INDEX('[8]INSUMOS GENERALES'!$A$8:$A$144,MATCH($C36,'[8]INSUMOS GENERALES'!$B$8:$B$144,0))) -> GE010 | C36: COMUNICACIONES (TELÉFONO, FAX, CELULAR, INTERNET, ETC.) MENSUAL EN CAMPO | D36: 2 | E36: 60000 | H36: =+H35 -> 12 | I36: =+IFERROR(D36*E36*H36,"") -> 1440000
B37: =IF(C37="","",INDEX('[8]INSUMOS GENERALES'!$A$8:$A$144,MATCH($C37,'[8]INSUMOS GENERALES'!$B$8:$B$144,0))) -> GE008 | C37: TARIFA PUESTO DE TRABAJO DEL PERSONAL DE OFICINA DE CAMPO, INCLUYE: ALQUILER DE UN (1) EQUIPO DE COMPUTO COMPLETO, ESCRITORIO, SILLA Y OTROS ENSERES DE OFICINA POR PUESTO DE TRABAJO | D37: 3 | E37: 200000 | H37: =+H35 -> 12 | I37: =+IFERROR(D37*E37*H37,"") -> 7200000
B38: =IF(C38="","",INDEX('[8]INSUMOS GENERALES'!$A$8:$A$144,MATCH($C38,'[8]INSUMOS GENERALES'!$B$8:$B$144,0))) -> GE009 | C38: IMPRESORA EN OBRA (ALQUILER) | D38: 1 | E38: 60000 | H38: 12 | I38: =+IFERROR(D38*E38*H38,"") -> 720000
A39: =IF(C39="","",A38+0.1) | B39: =IF(C39="","",INDEX('[8]INSUMOS GENERALES'!$A$8:$A$144,MATCH($C39,'[8]INSUMOS GENERALES'!$B$8:$B$144,0))) | E39: =+IF(C39="","",(VLOOKUP($B39,'[8]INSUMOS GENERALES'!$A$8:$D$144,4,0))) | I39: =+IFERROR(D39*E39*H39,"")
A40: =IF(C40="","",A39+0.1) | I40: =+IFERROR(D40*E40*H40,"") -> 0
C41: SERVICIOS DE ENSAYOS DE LABORATORIO: GRANULOMETRÍA, CBR, COMPRESIÓN SIMPLE, FLEXO TRACCIÓN VIGAS ENTRE OTROS QUE SE SOLICITEN POR PARTE DE LA ENTIDAD Y SEAN REALIZADOS POR LA INTERVENTORIA. | I41: 9500000
A42: 6 | B42: OTROS COSTOS (SE PAGAN CONTRA FACTURA Y RESULTADOS SI APLICA): | I42: =IF(SUM(I43:I45)=0,0,SUM(I43:I45)) -> 6824054.4
A43: =IF(C43="","",A42+0.1) -> 6.1 | C43: ASESORÍAS ESPECIALIZADAS | I43: =+IFERROR(D43*E43*H43,"") -> 0
A44: =IF(C44="","",A43+0.1) -> 6.2 | C44: PROVISIÓN PARA EL PAGO DE PRIMAS DE PÓLIZAS (GARANTÍAS) | I44: =[10]POLIZAS!G22 -> 6824054.4 | O44: 184000000 | P44: 1600000
A45: =IF(C45="","",A44+0.1) | I45: =+IFERROR(D45*E45*H45,"") -> 0 | O45: 850000000 | P45: =(O45*P44)/O44 -> 7391304.3
A46: VALOR BÁSICO TOTAL | I46: =IFERROR(IF(SUM(I31,I8)=0,"",ROUND(SUM(I31,I8),0)),"") -> 645264135
A47: IVA | H47: 0.19 | I47: =+IFERROR(ROUND(I46*H47,0),"") -> 122600186
A48: TOTAL INTERVENTORÍA | I48: =IF(I46="","",SUM(I46:I47)) -> 767864321
C54: =+IF('[8]DATOS INICIALES'!$B$9="","",'[8]DATOS INICIALES'!$B$9) -> MARLON ASDRUBAL PEREZ HERRERA
C55: =+IF('[8]DATOS INICIALES'!$B$10="","",'[8]DATOS INICIALES'!$B$10) -> INGENIERO BANCO DE PROYECTOS
C56: =+IF('[8]DATOS INICIALES'!$B$11="","",'[8]DATOS INICIALES'!$B$11) -> BANCO DE PROYECTOS - SECRETARIA DE PLANEACIÓN | H56: =7831 -> 7831 | I56: =768/7831 -> 0.098071766
C57: =+IF('[8]DATOS INICIALES'!$B$12="","","M.P. "&'[8]DATOS INICIALES'!$B$12) -> M.P. MAT No. 05202.354756ANT

Sheet FM
A1: DEPARTAMENTO DE ANTIOQUIA
A2: =+IF('[11]DATOS INICIALES'!$B$7="","",'[11]DATOS INICIALES'!$B$7) -> MUNICIPIO DE DABEIBA
A3: =+"PROYECTO: "&'[11]DATOS INICIALES'!$B$8 -> PROYECTO: MEJORAMIENTO DE LA RED VIAL TERCIARIA EN LA VEREDA EL PITAL DEL MUNICIPIO DE DABEIBA, DEPARTAMENTO DE ANTIOQUIA” | C3: INSERTE ESCUDO ENTIDAD AQUÍ
A5: FACTOR MULTIPLICADOR INTERVENTORÍA
A7: 1 | B7: SALARIO BÁSICO | G7: =SUM(G8) -> 1
A8: 1.1 | B8: SALARIO BÁSICO | G8: 1
A9: 2 | B9: PRESTACIONES SOCIALES | G9: =SUM(G10:G22) -> 0.5959
A10: 2.1 | B10: PRIMA ANUAL | C10: =+IFERROR(VLOOKUP(#REF!,INSUMOS_MANO_DE_OBRA,4,0),"") | F10: =+IFERROR(ROUND((VLOOKUP(#REF!,INSUMOS_MANO_DE_OBRA,5,0)-1)*C10,0),"") | G10: 0.0833
A11: 2.2 | B11: CESANTÍA ANUAL | G11: 0.0833
A12: 2.3 | B12: INTERÉS A LAS CESANTÍAS | G12: 0.01
A13: 2.4 | B13: VACACIONES ANUALES | G13: 0.0417
A14: 2.5 | B14: EPS | G14: =+IF('[11]DATOS INICIALES'!$B$17="SI",0,8.5%) -> 0.085
A15: 2.6 | B15: PENSIONES (AFP) | G15: 0.12
A16: 2.7 | B16: SENA | G16: =+IF('[11]DATOS INICIALES'!$B$17="SI",0,2%) -> 0.02
A17: 2.8 | B17: ICBF | G17: =+IF('[11]DATOS INICIALES'!$B$17="SI",0,3%) -> 0.03
A18: 2.9 | B18: SUBSIDIO FAMILIAR (CAJA DE COMPENSACIÓN) | G18: 0.04
A19: 2.1 | B19: ARP 6,96 % NORMAL | G19: 0.0696
A20: 2.11 | B20: DOTACIÓN | G20: 0.005
A21: 2.12 | B21: EPP | G21: 0.005
A22: 2.13 | B22: EXÁMENES DE INGRESO - EGRESO | G22: 0.003
A23: 3 | B23: COSTOS INDIRECTOS | C23: VR. TOPE MENSUAL A RECONOCER | D23: % RECONOCIMIENTO | E23: PLAZO CONTRATO | F23: VALOR A RECONOCER | G23: =SUM(G24:G28) -> 0.34783676
A24: 3.1 | B24: COSTOS OFICINA (ARRENDAMIENTO,ADMINISTRACIÓN Y SERVICIOS PÚBLICOS, MANTENIMIENTO DE OFICINAS, ASEO, VIGILANCIA, SEGUROS DE ROBO E INCENDIO, ALQUILER (O DEPRECIACIÓN) Y MANTENIMIENTO DE VEHÍCULOS DE ADMINISTRACIÓN Y GERENCIA, ASOCIACIONES PROFESIONALES, DOCUMENTACIÓN TÉCNICA, REVISTAS, REPRESENTACIÓN Y PROMOCIÓN, PREPARACIÓN Y EDICIÓN DE PROPUESTAS, GASTOS DE VIAJE, GASTOS DE REPRESENTACIÓN) | C24: 800000 | D24: 1 | E24: 12 | F24: =+IFERROR(C24*D24*E24,"") -> 9600000 | G24: =+IFERROR(F24/[11]INTERVENTORÍA!$I$22,"") -> 0.13640657
A25: 3.2 | B25: PAPELERÍA DE LA OFICINA DEL CONSULTOR PARA USO DEL PROYECTO (CAFETERÍA Y OTROS GASTOS FUNCIONAMIENTO | C25: 200000 | D25: 0.2 | E25: 12 | F25: =+IFERROR(C25*D25*E25,"") -> 480000 | G25: =+IFERROR(F25/[11]INTERVENTORÍA!$I$22,"") -> 0.0068203287
A26: 3.3 | B26: MUEBLES Y EQUIPOS DE OFICINA, PAGO PROGRAMAS, SISTEMATIZACIÓN Y ACTUALIZACIÓN TECNOLÓGICA, RACK. | C26: 1000000 | D26: 0.2 | E26: 12 | F26: =+IFERROR(C26*D26*E26,"") -> 2400000 | G26: =+IFERROR(F26/[11]INTERVENTORÍA!$I$22,"") -> 0.034101643
A27: 3.4 | B27: PERSONAL ADMINISTRATIVO, TÉCNICO Y NO TÉCNICO, NO FACTURABLE, ENTRENAMIENTO DE PERSONAL, CAPACITACIÓN Y ACTUALIZACIÓN TÉCNICA (CURSOS, SEMINARIOS, CONGRESOS). | C27: 3000000 | D27: 0.2 | E27: 12 | F27: =+IFERROR(C27*D27*E27,"") -> 7200000 | G27: =+IFERROR(F27/[11]INTERVENTORÍA!$I$22,"") -> 0.10230493
A28: 3.5 | B28: ASESORÍA CONTABLE, TRIBUTARIA (REVISORÍA FISCAL) Y MÉDICA | C28: 2000000 | D28: 0.2 | E28: 12 | F28: =+IFERROR(C28*D28*E28,"") -> 4800000 | G28: =+IFERROR(F28/[11]INTERVENTORÍA!$I$22,"") -> 0.068203287
A29: 4 | B29: GASTOS DE LEGALIZACIÓN DE CONTRATO | G29: =SUM(G30:G30) -> 0.2518
A30: 4.2 | B30: OTROS COSTOS INDIRECTOS | G30: ='[10]TASAS INTERV'!D22 -> 0.2518
A31: 5 | B31: HONORARIOS | G31: =SUM(G32) -> 0.17564294
A32: 5.1 | B32: HONORARIOS | F32: 0.08 | G32: =+IFERROR(F32*(G29+G23+G9+G7),"") -> 0.17564294
A33: SUBTOTAL | G33: =IFERROR(SUM(G31,G29,G23,G9,G7),"") -> 2.3711797
A34: FACTOR MULTIPLICADOR AJUSTADO A 2 CIFRAS DECIMALES | G34: =+IFERROR(ROUND(G33,2),"") -> 2.37
B38: =+IF('[11]DATOS INICIALES'!$B$9="","",'[11]DATOS INICIALES'!$B$9) -> MARLON ASDRUBAL PEREZ HERRERA
B39: =+IF('[11]DATOS INICIALES'!$B$10="","",'[11]DATOS INICIALES'!$B$10) -> INGENIERO BANCO DE PROYECTOS
B40: =+IF('[11]DATOS INICIALES'!$B$11="","",'[11]DATOS INICIALES'!$B$11) -> BANCO DE PROYECTOS - SECRETARIA DE PLANEACIÓN
B41: =+IF('[11]DATOS INICIALES'!$B$12="","","M.P. "&'[11]DATOS INICIALES'!$B$12) -> M.P. MAT No. 05202.354756ANT

Sheet POLIZAS INTER
A1: DEPARTAMENTO DE ANTIOQUIA
A2: =+IF('[11]DATOS INICIALES'!$B$7="","",'[11]DATOS INICIALES'!$B$7) -> MUNICIPIO DE DABEIBA
A3: =+"PROYECTO: "&'[11]DATOS INICIALES'!$B$8 -> PROYECTO: MEJORAMIENTO DE LA RED VIAL TERCIARIA EN LA VEREDA EL PITAL DEL MUNICIPIO DE DABEIBA, DEPARTAMENTO DE ANTIOQUIA” | F3: INSERTE ESCUDO ENTIDAD AQUÍ
A5: CÁLCULO DE PÓLIZAS DE INTERVENTORÍA
A7: VALOR DEL CONTRATO ( $ ) | B7: =[10]INTERV!I48 -> 767864321 | C7: =+IFERROR(B7/'[11]DATOS INICIALES'!$B$14,"") -> 539.41997
A8: PLAZO DEL CONTRATO | B8: 12 | C8: =+IFERROR(B8*30,"") -> 360
A9: ANTICIPO | B9: 0 | C9: =+IFERROR(B9*B7,"") -> 0
A11: TIPO DE GARANTÍA | B11: VALOR ASEGURADO | E11: COBERTURA ( DÍAS ) | F11: TASA ANUAL | G11: PRIMA
B12: % | C12: BASE | D12: VALOR
A13: CUMPLIMIENTO | B13: 0.2 | C13: =+$B$7 -> 767864321 | D13: =+IFERROR(B13*C13,"") -> 1.5357286e+08 | E13: =+IFERROR($C$8+180,"") -> 540 | F13: 0.003 | G13: =+IFERROR(F13*D13*E13/360,"") -> 691077.89
A14: BUEN MANEJO Y CORRECTA INVERSIÓN DEL ANTICIPO | C14: =+$C$9 -> 0 | D14: =+IFERROR(B14*C14,"") -> 0 | E14: =+IFERROR($C$8+180,"") -> 540 | F14: 0.003 | G14: =+IFERROR(F14*D14*E14/360,"") -> 0
A15: SALARIOS Y PRESTACIONES SOCIALES | B15: 0.2 | C15: =+$B$7 -> 767864321 | D15: =+IFERROR(B15*C15,"") -> 1.5357286e+08 | E15: =+IFERROR($C$8+1080,"") -> 1440 | F15: 0.0025 | G15: =+IFERROR(F15*D15*E15/360,"") -> 1535728.6
A16: CALIDAD DEL SERVICIO | B16: 0.2 | C16: =+$B$7 -> 767864321 | D16: =+IFERROR(B16*C16,"") -> 1.5357286e+08 | E16: =+IF($B$7="","",1800) -> 1800 | F16: 0.003 | G16: =+IFERROR(F16*D16*E16/360,"") -> 2303593
A17: DECRETO 1082 SMMLV RESPONSABILIDAD CIVIL | B17: SMMLV | C17: MONTO ASEGURABLE | E17: PLAZO MESES | F17: TASA ANUAL | G17: PRIMA
A18: =+IF('[11]DATOS INICIALES'!$B$29="NO","",IF(B7="","",IF(C7<=1500,200,IF(C7<=2500,300,IF(C7<=5000,400,IF(C7<=10000,500,"5%")))))) -> 200 | B18: =+'[11]DATOS INICIALES'!$B$14 -> 1423500 | C18: =+IFERROR(IF(C7>10000,C7+5%,A18*B18),"") -> 284700000 | E18: =+$B$8 -> 12 | F18: 0.003 | G18: =+IFERROR(F18*E18*C18/12,"") -> 854100
A19: SUBTOTAL PRIMA | G19: =IF(SUM(G13:G16,G18)=0,"",SUM(G13:G16,G18)) -> 5384499.5
A20: GASTOS DE EXPEDICIÓN | G20: 350000
A21: I.V.A. | G21: =+IFERROR((G19+G20)*0.19,"") -> 1089554.9
A22: TOTAL POLIZAS | G22: =IF(G19="",0,SUM(G19:G21)) -> 6824054.4

Sheet TASAS INTERV
A1: DEPARTAMENTO DE ANTIOQUIA
A2: VALOR GASTOS LEGALIZACION - TASAS Y CONTRIBUCIONES
A6: VALOR BÁSICO (A + B) | B6: =[10]INTERV!I46 -> 645264135 | C6: CALCULO ESTAMPILLA DEPARTAMENTAL
A7: TOTAL DEL CONTRATO SIN 50% DEL 4/1000 (Para efectos de calculo de impuesto y estampillas) | B7: =IFERROR(ROUND($B$6-$C$19,0),0) -> 644104746 | C7: APORTE DEL DEPARTAMENTO DE ANTIOQUIA | D7: 0 | E7: Se diligencia el valor monetario aportador por el Departamento de Antioquía para el proyecto
A8: VALOR BÁSICO SIN 50% del 4/1000, NI estampillas para efectos del calculo del impuesto al gravamen financiero | B8: =IFERROR(ROUND($B$6-$B$9-$C$19,0),0) -> 579694272 | C8: VALOR PORCENTUAL APORTADO | D8: =IFERROR(D7/[11]PRESUPUESTO!I63,0) -> 0 | E8: Valor porcentual del presupuesto aportado por el Departamento de Antioquia respecto al valor total del Presupuesto de Interventoria
A9: Total de la sumatoria de las estampillas y/o impuestos (para efectos de cálculo de impuesto al gravamen financiero) | B9: =+SUM($C$13:$C$18) -> 64410475
A10: Valor monetario aportado por la Gobernación al presupuesto de interventoria sin el 50 % del 4/1000 | B10: =B7*D8 -> 0
A12: ESTAMPILLA / IMPUESTO A RECONOCER | B12: PORCENTAJE TASA | C12: VALOR A RECONOCER | D12: PORCENTAJE CÁLCULO FM
A13: Estampilla Pro cultura | B13: 0.01 | C13: =IFERROR($B$7*B13,0) -> 6441047.5 | D13: =IFERROR(C13/[10]INTERV!I22,0) -> 0.02473392 | E13: Las estampillas deben ser consideradas las que apliquen, Si es que aplica
A14: Estampilla Pro hospital | B14: 0.01 | C14: =IFERROR($B$7*B14,0) -> 6441047.5 | D14: =IFERROR(C14/[10]INTERV!I22,0) -> 0.02473392
A15: Estampilla Pro deporte | B15: 0.02 | C15: =IFERROR($B$7*B15,0) -> 12882095 | D15: =IFERROR(C15/[10]INTERV!I22,0) -> 0.049467839
A16: Estampilla Pro adulto mayor | B16: 0.04 | C16: =IFERROR($B$7*B16,0) -> 25764190 | D16: =IFERROR(C16/[10]INTERV!I22,0) -> 0.098935678
A17: Pro justicia | B17: 0.02 | C17: =IFERROR($B$7*B17,0) -> 12882095 | D17: =IFERROR(C17/[10]INTERV!I22,0) -> 0.049467839
C18: =IFERROR($B$10*B18,0) -> 0 | D18: =IFERROR(C18/[11]INTERVENTORÍA!$I$22,0) -> 0 | E18: COLOCAR ESTAMPILLA DEL DEPARTAMENTO DE ANTIOQUIA ( Solo si aplica respecto a la fuente de financiación del proyecto )
A19: Impuesto del 50% del 4/1000 (sobre el valor total del contrato) | B19: 0.002 | C19: =IFERROR($B$8*B19,0) -> 1159388.5 | D19: =IFERROR(C19/[10]INTERV!I22,0) -> 0.0044521055 | E19: INCLUIRLO SI LO CONSIDERAN ( Reservado para el reconocimiento de Impuesto del 50% del 4/1000 (sobre el valor total del contrato de interventoria)
A20: OTROS COSTOS INDIRECTOS - TASAS Y CONTRIBUCIONES | C20: =+SUM(C13:C19) -> 65569863 | D20: =+SUM(D13:D19) -> 0.2517913
C22: Valor para el FM | D22: =+IFERROR(ROUND($D$20,4),"") -> 0.2518

Sheet PMT 
A7: ALCALDÍA DE PUERTO NARE
A8: ='[7]DATOS INICIALES'!B7 -> MEJORAMIENTO DE LA RED VIAL URBANA EN EL BARRIO SAN ANTONIO DEL MUNICIPIO DE DABEIBA
A10: PLAN DE MANEJO DE TRANSITO
A12: ITEM | B12: UNIDAD | C12: CANT | D12: OCASIÓN | E12: VALOR UNITARIO | F12: VALOR TOTAL | H12: EQUIPOS | I12: MATERIALES | J12: TRANSPORTES | K12: MANO DE OBRA | L12: SERVICIOS | M12: TOTAL
A13: DOTACION SEGURIDAD INDUSTRIAL
A14: Camilla rigida | B14: Und | C14: 0 | E14: 150000 | F14: =+ROUND((C14*E14),0) -> 0
A15: Botiquín básico de primeros auxilios | B15: Und | C15: 0 | E15: 130000 | F15: =+ROUND((C15*E15),0) -> 0
A16: Extintor (mas dos recargas) | B16: Und | C16: 0 | E16: 140000 | F16: =+ROUND((C16*E16),0) -> 0
A17: Manguera para agua | B17: m | C17: 0 | E17: 3500 | F17: =+ROUND((C17*E17),0) -> 0
A18: Señalización campamento | B18: global | C18: 0 | E18: 500000 | F18: =+ROUND((C18*E18),0) -> 0
A19: Baño fijo para campamento (Según R.2400 de 1979: sanitario, lavamanos, orinal, ducha) | B19: un | C19: 0 | E19: 800000 | F19: =+ROUND((C19*E19),0) -> 0
A20: Baño portatil para obra (S&y) | B20: mes | C20: 0 | E20: 430000 | F20: =+ROUND((C20*E20),0) -> 0
A21: DEMARCACIÓN Y SEÑALIZACIÓN
A22: Cinta Señalización, ancho 0.12m (según manual de comunicaciones) | B22: m | C22: 200 | D22: 12 | E22: 500 | F22: =+ROUND((C22*E22*D22),0) -> 1200000
A23: Tela tipo cerramiento color verde (2,100 m ancho) | B23: m | C23: 100 | D23: 1 | E23: 2000 | F23: =+ROUND((C23*E23*D23),0) -> 200000
A24: Señales informativas (aproximación a obra, inicio, fin, carril cerrado, sendero peatonal. Tablero rectangular fondo naranja, simbolos y orla negros, lamina galvanizada, calibre 20, altura de 3,50 m). (Alquiler) | B24: Und | C24: 6 | D24: 1 | E24: 80000 | F24: =+ROUND((C24*E24*D24),0) -> 480000
A25: Señales preventivas (entrada y salida de volquetas, Trabajos en la vía, maquinaria en vía. En forma de rombo, fondo naranja, color negro para simbolos, tamaño 75 x 90). (Alquiler) | B25: Und | C25: 6 | D25: 1 | E25: =+E24 -> 80000 | F25: =+ROUND((C25*E25*D25),0) -> 480000
A26: Señales preventivas (señales de protección, señales de obra, entre otras). En forma de rombo, fondo naranja, color negro para simbolos, tamaño 75 x 90). (Alquiler) | B26: Und | C26: 6 | D26: 1 | E26: =+E25 -> 80000 | F26: =+ROUND((C26*E26*D26),0) -> 480000
A27: Paleta de pare y siga (papel grado diamante 45 cm de diametro y paral de 1,50 m de largo) | B27: Und | C27: 4 | D27: 1 | E27: 80000 | F27: =+ROUND((C27*E27*D27),0) -> 320000
A28: DISPOSITIVOS PARA CANALIZACIÓN DE TRÁNSITO
A29: Barricadas (1,50 m alto x 2,40 m ancho, con reflectivo grado diamante) | B29: un | C29: 6 | D29: 1 | E29: 512000 | F29: =+ROUND((C29*E29*D29),0) -> 3072000
A30: Balizas (1,27 m) | B30: Und | C30: 30 | D30: 1 | E30: 60000 | F30: =+ROUND((C30*E30*D30),0) -> 1800000
A31: SOCIALIZACIÓN
A32: Buzon de sugerencias en acrilico de 0,30m * 0,30m * 0,30m (según manual de comunicaciones) | B32: Und | C32: 1 | D32: 1 | E32: 150000 | F32: =+ROUND((C32*E32*D32),0) -> 150000
A33: PERSONAL
A34: PERSONAL PARE Y SIGA | B34: MES | C34: 2 | D34: 12 | E34: 2576535 | F34: =+ROUND((C34*E34*D34),0) -> 61836840
E35: Porcentaje | F35: =+ROUND(F37/F36,4) -> 0.0115
E36: Costo Directo | F36: =+PRESUPUESTO!H119 -> 6.1119409e+09
E37: TOTAL | F37: =+SUM(F22:F34) -> 70018840

Sheet AIU CALCULADO
A1: DEPARTAMENTO DE ANTIOQUIA
A2: ='DATOS INICIALES'!B2 -> MUNICIPIO DE DABEIBA
A3: ='DATOS INICIALES'!B3 -> CONSTRUCCIÓN DE CASA DE SALUD EN EL CORREGIMIENTO LA BALSITA DEL MUNICIPIO DE DABEIBA
A5: ADMINISTRACIÓN, IMPREVISTOS Y UTILIDADES - AIU
A7: ITEM | B7: CÓDIGO | C7: DESCRIPCIÓN | D7: CANT | E7: VALOR MENSUAL | F7: PREST. SOC. | G7: DEDIC. % | H7: PLAZO | I7: VALOR PARCIAL
A8: 1 | B8: EQUIPO PROFESIONAL | I8: =IF(SUM(I9:I13)=0,"",SUM(I9:I13)) -> 292760085
A9: 1.2 | B9: =IF(C9="","",INDEX(CODIGOSMANODEOBRA,MATCH($C9,'INSUMOS MANO DE OBRA'!$B$7:$B$61,0))) -> MO003 | C9: RESIDENTE DE OBRA | D9: 1 | E9: =IF(C9="","",IFERROR(VLOOKUP($B9,INSUMOSMANODEOBRA,4,0),"")) -> 4377263 | F9: =IF(C9="","",IFERROR(ROUND((VLOOKUP($B9,INSUMOSMANODEOBRA,5,0)-1)*E9,0),"")) -> 2232404 | G9: 1 | H9: 12 | I9: =+IF(D9=0,"",IFERROR(D9*(E9+F9)*G9*H9,"")) -> 79316004
A10: 1.3 | B10: =IF(C10="","",INDEX(CODIGOSMANODEOBRA,MATCH($C10,'INSUMOS MANO DE OBRA'!$B$7:$B$61,0))) -> MO001 | C10: DIRECTOR DE OBRA | D10: 1 | E10: =IF(C10="","",IFERROR(VLOOKUP($B10,INSUMOSMANODEOBRA,4,0),"")) -> 7353801 | F10: =IF(C10="","",IFERROR(ROUND((VLOOKUP($B10,INSUMOSMANODEOBRA,5,0)-1)*E10,0),"")) -> 3676901 | G10: 0.5 | H10: 12 | I10: =+IF(D10=0,"",IFERROR(D10*(E10+F10)*G10*H10,"")) -> 66184212
A11: 1.4 | B11: =IF(C11="","",INDEX(CODIGOSMANODEOBRA,MATCH($C11,'INSUMOS MANO DE OBRA'!$B$7:$B$61,0))) -> MO008 | C11: TECNÓLOGO SST | D11: 1 | E11: =IF(C11="","",IFERROR(VLOOKUP($B11,INSUMOSMANODEOBRA,4,0),"")) -> 2976539 | F11: =IF(C11="","",IFERROR(ROUND((VLOOKUP($B11,INSUMOSMANODEOBRA,5,0)-1)*E11,0),"")) -> 1934750 | G11: 1 | H11: 12 | I11: =+IF(D11=0,"",IFERROR(D11*(E11+F11)*G11*H11,"")) -> 58935468
A12: 1.5 | B12: =IF(C12="","",INDEX(CODIGOSMANODEOBRA,MATCH($C12,'INSUMOS MANO DE OBRA'!$B$7:$B$61,0))) -> MO054 | C12: TECNOLOGO SOCIO-AMBIENTAL | D12: 1 | E12: =IF(C12="","",IFERROR(VLOOKUP($B12,INSUMOSMANODEOBRA,4,0),"")) -> 3501810 | F12: =IF(C12="","",IFERROR(ROUND((VLOOKUP($B12,INSUMOSMANODEOBRA,5,0)-1)*E12,0),"")) -> 2206140 | G12: 1 | H12: 12 | I12: =+IF(D12=0,"",IFERROR(D12*(E12+F12)*G12*H12,"")) -> 68495400
A13: 1.6 | B13: =IF(C13="","",INDEX(CODIGOSMANODEOBRA,MATCH($C13,'INSUMOS MANO DE OBRA'!$B$7:$B$61,0))) -> MO009 | C13: INGENIERO DISEÑOS RECORD | D13: 1 | E13: =IF(C13="","",IFERROR(VLOOKUP($B13,INSUMOSMANODEOBRA,4,0),"")) -> 4377263 | F13: =IF(C13="","",IFERROR(ROUND((VLOOKUP($B13,INSUMOSMANODEOBRA,5,0)-1)*E13,0),"")) -> 2232404 | G13: 0.25 | H13: 12 | I13: =+IF(D13=0,"",IFERROR(D13*(E13+F13)*G13*H13,"")) -> 19829001
A15: 2 | B15: OFICINA Y CAMPAMENTO EN OBRA | I15: =IF(SUM(I16:I16)=0,"",SUM(I16:I16)) -> 7200000
A16: 2.1 | B16: =IF(C16="","",INDEX(CODIGOSSERVICIOS,MATCH($C16,'INSUMOS SERVICIOS'!B7:B21,0))) -> SE003 | C16: ARRIENDO OFICINA DE CAMPO + DOTACIÓN | D16: 1 | E16: 600000 | H16: 12 | I16: =IFERROR(D16*E16*H16,"") -> 7200000
A17: 3 | B17: SISTEMA DE CÓMPUTO Y COMUNICACIONES | I17: =IF(SUM(I18:I19)=0,"",SUM(I18:I19)) -> 1320000
A18: 3.1 | B18: =IF(C18="","",INDEX(CODIGOEQUIPOS,MATCH($C18,'INSUMOS EQUIPOS'!$B$7:$B$39,0))) -> EQ007 | C18: TARIFA PUESTO DE TRABAJO DEL PERSONAL DE OFICINA DE CAMPO, INCLUYE: ALQUILER DE UN (1) EQUIPO DE COMPUTO COMPLETO, ESCRITORIO, SILLA Y OTROS ENSERES DE OFICINA POR PUESTO DE TRABAJO | D18: 1 | E18: 110000 | H18: 12 | I18: =IF(D18=0,"",IFERROR(D18*E18*H18,"")) -> 1320000
A19: 3.2 | B19: =IF(C19="","",INDEX(CODIGOEQUIPOS,MATCH($C19,'INSUMOS EQUIPOS'!$B$7:$B$39,0))) | E19: =IF(C19="","",(VLOOKUP($B19,INSUMOSEQUIPOS,4,FALSE))) | I19: =IF(D19=0,"",IFERROR(D19*E19*H19,""))
A20: 4 | B20: SERVICIOS DE LABORATORIO | I20: =IF(SUM(I21:I25)=0,"",SUM(I21:I25)) -> 8454000
A21: 4.1 | B21: =IF(C21="","",INDEX(CODIGOSSERVICIOS,MATCH($C21,'INSUMOS SERVICIOS'!$B$7:$B$21,0))) -> SEL006 | C21: Diseños de mezcla para una resistencia determinada (Incluye ensayos a agregados y verificación de resistencia) | D21: 2 | E21: =IF(C21="","",(VLOOKUP($B21,INSUMOSSERVICIOS,4,0))) -> 737000 | I21: =IF(D21=0,"",IFERROR(D21*E21,"")) -> 1474000
A22: 4.2 | B22: =IF(C22="","",INDEX(CODIGOSSERVICIOS,MATCH($C22,'INSUMOS SERVICIOS'!$B$7:$B$21,0))) -> SEL007 | C22: Resistencia a la compresión de cilindros de concreto (método normal) | D22: 40 | E22: =IF(C22="","",(VLOOKUP($B22,INSUMOSSERVICIOS,4,0))) -> 15000 | I22: =IF(D22=0,"",IFERROR(D22*E22,"")) -> 600000
A23: 4.3 | B23: =IF(C23="","",INDEX(CODIGOSSERVICIOS,MATCH($C23,'INSUMOS SERVICIOS'!$B$7:$B$21,0))) -> SEL004 | C23: Relaciones de humedad - masa unitaria seca en los suelos (ensayo modificado de compactación - Proctor Modificado) con corrección del peso unitario y contenido de agua | D23: 15 | E23: 170000 | I23: =IF(D23=0,"",IFERROR(D23*E23,"")) -> 2550000
A24: 4.4 | B24: =IF(C24="","",INDEX(CODIGOSSERVICIOS,MATCH($C24,'INSUMOS SERVICIOS'!$B$7:$B$21,0))) -> SEL001 | C24: Granulometría por tamizado con lavado sobre tamiz No 200 | D24: 5 | E24: 190000 | I24: =IF(D24=0,"",IFERROR(D24*E24,"")) -> 950000
A25: 4.5 | B25: =IF(C25="","",INDEX(CODIGOSSERVICIOS,MATCH($C25,'INSUMOS SERVICIOS'!$B$7:$B$21,0))) -> SEL008 | C25: RESISTENCIA A FLEXION DE VIGAS DE CONCRETO | D25: 60 | E25: 48000 | I25: =IF(D25=0,"",IFERROR(D25*E25,"")) -> 2880000
A27: 5 | B27: VALLA CONTRACTUAL | I27: =IF(SUM(I28)=0,"",SUM(I28)) -> 1500000
A28: 5.1 | B28: =IF(C28="","",INDEX(CODIGOMATERIALES,MATCH($C28,#REF!,0))) -> #REF! | C28: VALLA 2 (2,0X2,0M). INCLUYE ESTRUCTURA METÁLICA PARA FIJACIÓN Y SOPORTE | D28: 1 | E28: 1500000 | I28: =IF(D28=0,"",IFERROR(D28*E28,"")) -> 1500000
A29: 6 | B29: GASTOS DE LEGALIZACIÓN DEL CONTRATO | I29: =IF(SUM(I30:I39)=0,"",SUM(I30:I39)) -> 1.0118674e+09
A30: 6.1 | C30: PÓLIZAS | I30: =IF('POLIZAS OBRA'!$G$21=0,"",'POLIZAS OBRA'!$G$21) -> 33956831
A31: 6.2 | C31: IMPUESTO DE CONTRIBUCIÓN ESPECIAL 5% | D31: 0.05 | E31: =+PRESUPUESTO!H119 -> 6.1119409e+09 | I31: =IFERROR(IF(D31*E31=0,"",D31*E31),"") -> 3.0559704e+08
A32: 6.3 | C32: ESTAMPILLAS
A33: 6.3.1 | C33: Pro Hospital | D33: 0.01 | E33: =+E31 -> 6.1119409e+09 | I33: =IFERROR(IF(D33*E33=0,"",D33*E33),"") -> 61119409
A34: 6.3.2 | C34: Pro cultura | D34: 0.01 | E34: =+E33 -> 6.1119409e+09 | I34: =IFERROR(IF(D34*E34=0,"",D34*E34),"") -> 61119409
A35: 6.3.3 | C35: Pro Anciano | D35: 0.04 | E35: =+E34 -> 6.1119409e+09 | I35: =IFERROR(IF(D35*E35=0,"",D35*E35),"") -> 2.4447763e+08
A36: 6.3.4 | C36: Pro Deporte y Recreación | D36: 0.02 | E36: =+E35 -> 6.1119409e+09 | I36: =IFERROR(IF(D36*E36=0,"",D36*E36),"") -> 1.2223882e+08
A37: 6.3.5 | C37: Pro Justicia | D37: 0.02 | E37: =+E36 -> 6.1119409e+09 | I37: =IFERROR(IF(D37*E37=0,"",D37*E37),"") -> 1.2223882e+08
A38: 6.3.6 | C38: estampilla timbre | D38: 0 | E38: =+E37 -> 6.1119409e+09 | I38: =IFERROR(IF(D38*E38=0,"",D38*E38),"")
A39: 6.3.7 | C39: Reteica | D39: 0.01 | E39: =+E38 -> 6.1119409e+09 | I39: =IFERROR(IF(D39*E39=0,"",D39*E39),"") -> 61119409
A41: SUBTOTAL DE COSTOS DE ADMINISTRACIÓN | I41: =IF(SUM(I8,I15,I17,I20,I27,I29)=0,"",SUM(I8,I15,I17,I20,I27,I29)) -> 1.3231015e+09
A42: AJUSTE ADMINISTRACIÓN POR REDONDE DE DECIMALES
A43: TOTAL COSTOS DE ADMINISTRACIÓN | I43: =IFERROR(I41+I42,"") -> 1.3231015e+09
A44: TOTAL COSTOS DIRECTOS | I44: =IF(PRESUPUESTO!$H$119=0,"",PRESUPUESTO!$H$119) -> 6.1119409e+09
A45: % ADMINISTRACIÓN | I45: =IFERROR(ROUND(I41/I44,4),"") -> 0.2165
A46: %IMPREVISTOS | I46: 0
A47: %UTILIDADES | I47: 0.05
A48: TOTAL AIU | I48: =IF(SUM(I45:I47)=0,"",SUM(I45:I47)) -> 0.2665
C55: _______________________________________
C56: ="ING " &'DATOS INICIALES'!B8 -> ING MARLON ASDRUBAL PEREZ HERRERA
C57: ='DATOS INICIALES'!B10 -> BANCO DE PROYECTOS - SECRETARÍA DE PLANEACIÓN
C58: ='DATOS INICIALES'!B11 -> MAT No. 05202-354756ANT

Sheet AIU
A1: DEPARTAMENTO DE ANTIOQUIA
A2: ='DATOS INICIALES'!B2 -> MUNICIPIO DE DABEIBA
A3: ='DATOS INICIALES'!B3 -> CONSTRUCCIÓN DE CASA DE SALUD EN EL CORREGIMIENTO LA BALSITA DEL MUNICIPIO DE DABEIBA
A5: ADMINISTRACIÓN, IMPREVISTOS Y UTILIDADES - AIU
A7: ITEM | B7: CÓDIGO | C7: DESCRIPCIÓN | D7: CANT | E7: VALOR MENSUAL | F7: PREST. SOC. | G7: DEDIC. % | H7: PLAZO | I7: VALOR PARCIAL
A8: 1 | B8: EQUIPO PROFESIONAL | I8: =IF(SUM(I9:I10)=0,"",SUM(I9:I10)) -> 34562868
A9: 1.2 | B9: =IF(C9="","",INDEX(CODIGOSMANODEOBRA,MATCH($C9,'INSUMOS MANO DE OBRA'!$B$7:$B$61,0))) -> MO003 | C9: RESIDENTE DE OBRA | D9: 1 | E9: =IF(C9="","",IFERROR(VLOOKUP($B9,INSUMOSMANODEOBRA,4,0),"")) -> 4377263 | F9: =IF(C9="","",IFERROR(ROUND((VLOOKUP($B9,INSUMOSMANODEOBRA,5,0)-1)*E9,0),"")) -> 2232404 | G9: 1 | H9: 3 | I9: =+IF(D9=0,"",IFERROR(D9*(E9+F9)*G9*H9,"")) -> 19829001
A10: 1.3 | B10: =IF(C10="","",INDEX(CODIGOSMANODEOBRA,MATCH($C10,'INSUMOS MANO DE OBRA'!$B$7:$B$61,0))) -> MO008 | C10: TECNÓLOGO SST | D10: 1 | E10: =IF(C10="","",IFERROR(VLOOKUP($B10,INSUMOSMANODEOBRA,4,0),"")) -> 2976539 | F10: =IF(C10="","",IFERROR(ROUND((VLOOKUP($B10,INSUMOSMANODEOBRA,5,0)-1)*E10,0),"")) -> 1934750 | G10: 1 | H10: 3 | I10: =+IF(D10=0,"",IFERROR(D10*(E10+F10)*G10*H10,"")) -> 14733867
A11: 2 | B11: OFICINA Y CAMPAMENTO EN OBRA | I11: =IF(SUM(I12:I12)=0,"",SUM(I12:I12)) -> 1800000
A12: 2.1 | B12: =IF(C12="","",INDEX(CODIGOSSERVICIOS,MATCH($C12,'INSUMOS SERVICIOS'!B7:B21,0))) -> SE003 | C12: ARRIENDO OFICINA DE CAMPO + DOTACIÓN | D12: 1 | E12: =IF(C12="","",(VLOOKUP($B12,INSUMOSSERVICIOS,4,0))) -> 600000 | H12: 3 | I12: =IFERROR(D12*E12*H12,"") -> 1800000
A13: 3 | B13: SISTEMA DE CÓMPUTO Y COMUNICACIONES | I13: =IF(SUM(I14:I15)=0,"",SUM(I14:I15)) -> 660000
A14: 3.1 | B14: =IF(C14="","",INDEX(CODIGOEQUIPOS,MATCH($C14,'INSUMOS EQUIPOS'!$B$7:$B$39,0))) -> EQ007 | C14: TARIFA PUESTO DE TRABAJO DEL PERSONAL DE OFICINA DE CAMPO, INCLUYE: ALQUILER DE UN (1) EQUIPO DE COMPUTO COMPLETO, ESCRITORIO, SILLA Y OTROS ENSERES DE OFICINA POR PUESTO DE TRABAJO | D14: 1 | E14: =IF(C14="","",(VLOOKUP($B14,INSUMOSEQUIPOS,4,FALSE))) -> 180000 | H14: 3 | I14: =IF(D14=0,"",IFERROR(D14*E14*H14,"")) -> 540000
A15: 3.2 | B15: =IF(C15="","",INDEX(CODIGOEQUIPOS,MATCH($C15,'INSUMOS EQUIPOS'!$B$7:$B$39,0))) -> EQ008 | C15: IMPRESORA EN OBRA (ALQUILER) | D15: 1 | E15: =IF(C15="","",(VLOOKUP($B15,INSUMOSEQUIPOS,4,FALSE))) -> 40000 | H15: 3 | I15: =IF(D15=0,"",IFERROR(D15*E15*H15,"")) -> 120000
A16: 4 | B16: SERVICIOS DE LABORATORIO | I16: =IF(SUM(I17:I18)=0,"",SUM(I17:I18)) -> 1277000
A17: 4.1 | B17: =IF(C17="","",INDEX(CODIGOSSERVICIOS,MATCH($C17,'INSUMOS SERVICIOS'!$B$7:$B$21,0))) -> SEL006 | C17: Diseños de mezcla para una resistencia determinada (Incluye ensayos a agregados y verificación de resistencia) | D17: 1 | E17: =IF(C17="","",(VLOOKUP($B17,INSUMOSSERVICIOS,4,0))) -> 737000 | I17: =IF(D17=0,"",IFERROR(D17*E17,"")) -> 737000
A18: 4.2 | B18: =IF(C18="","",INDEX(CODIGOSSERVICIOS,MATCH($C18,'INSUMOS SERVICIOS'!$B$7:$B$21,0))) -> SEL007 | C18: Resistencia a la compresión de cilindros de concreto (método normal) | D18: =4*9 -> 36 | E18: =IF(C18="","",(VLOOKUP($B18,INSUMOSSERVICIOS,4,0))) -> 15000 | I18: =IF(D18=0,"",IFERROR(D18*E18,"")) -> 540000
A19: 5 | B19: VALLA CONTRACTUAL | I19: =IF(SUM(I20)=0,"",SUM(I20))
A20: 5.1 | B20: =IF(C20="","",INDEX(CODIGOMATERIALES,MATCH($C20,#REF!,0))) -> #REF! | C20: VALLA 2 (2,0X2,0M). INCLUYE ESTRUCTURA METÁLICA PARA FIJACIÓN Y SOPORTE | D20: 1 | E20: =IF(C20="","",(VLOOKUP($B20,INSUMOSMATERIALES,4,0))) -> #REF! | I20: =IF(D20=0,"",IFERROR(D20*E20,""))
A21: 6 | B21: GASTOS DE LEGALIZACIÓN DEL CONTRATO | I21: =IF(SUM(I22:I28)=0,"",SUM(I22:I28)) -> 1.2379556e+09
A22: 6.1 | C22: PÓLIZAS | I22: =IF('POLIZAS OBRA'!$G$21=0,"",'POLIZAS OBRA'!$G$21) -> 33956831
A23: 6.2 | C23: IMPUESTO DE CONTRIBUCIÓN ESPECIAL 5% | D23: 0.05 | E23: =IF(PRESUPUESTO!$H$127=0,"",PRESUPUESTO!$H$127) -> 8.5999913e+09 | I23: =IFERROR(IF(D23*E23=0,"",D23*E23),"") -> 4.2999956e+08
A24: 6.3 | C24: ESTAMPILLAS
A25: 6.3.1 | C25: Pro Hospital | D25: 0.01 | E25: =IF(PRESUPUESTO!$H$127=0,"",PRESUPUESTO!$H$127) -> 8.5999913e+09 | I25: =IFERROR(IF(D25*E25=0,"",D25*E25),"") -> 85999913
A26: 6.3.2 | C26: Pro cultura | D26: 0.02 | E26: =IF(PRESUPUESTO!$H$127=0,"",PRESUPUESTO!$H$127) -> 8.5999913e+09 | I26: =IFERROR(IF(D26*E26=0,"",D26*E26),"") -> 1.7199983e+08
A27: 6.3.3 | C27: Pro Anciano | D27: 0.04 | E27: =IF(PRESUPUESTO!$H$127=0,"",PRESUPUESTO!$H$127) -> 8.5999913e+09 | I27: =IFERROR(IF(D27*E27=0,"",D27*E27),"") -> 3.4399965e+08
A28: 6.3.4 | C28: Pro Deporte y Recreación | D28: 0.02 | E28: =IF(PRESUPUESTO!$H$127=0,"",PRESUPUESTO!$H$127) -> 8.5999913e+09 | I28: =IFERROR(IF(D28*E28=0,"",D28*E28),"") -> 1.7199983e+08
A29: SUBTOTAL DE COSTOS DE ADMINISTRACIÓN | I29: =IF(SUM(I8,I11,I13,I16,I19,I21)=0,"",SUM(I8,I11,I13,I16,I19,I21)) -> 1.2762555e+09
A30: AJUSTE ADMINISTRACIÓN POR REDONDE DE DECIMALES | I30: =IFERROR(PRESUPUESTO!H120-AIU!I29,"") -> 46979721
A31: TOTAL COSTOS DE ADMINISTRACIÓN | I31: =IFERROR(I29+I30,"") -> 1.3232352e+09
A32: TOTAL COSTOS DIRECTOS | I32: =IF(PRESUPUESTO!$H$119=0,"",PRESUPUESTO!$H$119) -> 6.1119409e+09
A33: % ADMINISTRACIÓN | I33: =IFERROR(ROUND(I29/I32,4),"") -> 0.2088
A34: %IMPREVISTOS | I34: 0
A35: %UTILIDADES | I35: 0.05
A36: TOTAL AIU | I36: =IF(SUM(I33:I35)=0,"",SUM(I33:I35)) -> 0.2588
C43: _______________________________________
C44: ="ING " &'DATOS INICIALES'!B8 -> ING MARLON ASDRUBAL PEREZ HERRERA
C45: ='DATOS INICIALES'!B10 -> BANCO DE PROYECTOS - SECRETARÍA DE PLANEACIÓN
C46: ='DATOS INICIALES'!B11 -> MAT No. 05202-354756ANT

Sheet PGIO
A1: DEPARTAMENTO DE ANTIOQUIA
A2: ='DATOS INICIALES'!B2 -> MUNICIPIO DE DABEIBA
A3: ='DATOS INICIALES'!B3 -> CONSTRUCCIÓN DE CASA DE SALUD EN EL CORREGIMIENTO LA BALSITA DEL MUNICIPIO DE DABEIBA
A5: PLAN DE GESTIÓN INTEGRAL DE OBRA - PGIO
A7: ITEM | B7: DESCRIPCIÓN | C7: UNIDAD | D7: CANTIDAD | E7: VR.UNITARIO | F7: VALOR TOTAL
A8: 1 | B8: PROGRAMA / PROYECTO GESTIÓN AMBIENTAL
A9: 1.1 | B9: CUMPLIMIENTO DE REQUISITOS LEGALES
B10: TRAMITE DE PERMISO DE OCUPACIÓN DE CAUCE | C10: UN | D10: N/A | F10: 0
A11: 1.2 | B11: MANEJO Y DISPOSICION FINAL DE RESIDUOS SOLIDOS CONVENCIONALES Y ESPECIALES
B12: JUEGO DE TRES RECIPIENTES O CANECAS DE 55 GALONES, PUNTO ECOLOGICO CON SEÑALIZACIÓN INCLUYE IVA | C12: UN | D12: 2 | E12: 350000 | F12: =+IF(D12*E12=0,"",D12*E12) -> 700000
B13: BOLSAS POLIETILENO ALTA DENSIDAD (PAQUETE 100 UNIDADES DE 100 X 100). INCLUYE IVA | C13: UN | D13: 15 | E13: 18000 | F13: =+IF(D13*E13=0,"",D13*E13) -> 270000
B14: DISPOSICIÓN DE RESIDUOS PELIGROSOS Y ESPECIALES CON EMPRESAS CERTIFICADAS | C14: MES | D14: 12 | E14: 70000 | F14: =+IF(D14*E14=0,"",D14*E14) -> 840000
A15: 1.3 | B15: SEÑALIZACIÓN FRENTES DE OBRAS Y SITIOS TEMPORALES (DEMARCACIÓN DE ÁREAS DE TRABAJO Y CENTROS DE ACOPIO)
B16: TELA VERDE ZARÁN DE H=2,50 | C16: M | D16: 500 | E16: 18000 | F16: =+IF(D16*E16=0,"",D16*E16) -> 9000000
B17: CINTA SEÑALIZACIÓN CALIBRE 4, 12 CM DE ALTO, COLOR NARANJA - BLANCO O AMARILLO- NEGRO, DE 500 M. (INCLUYE IVA) | C17: ML | D17: 5000 | E17: 50 | F17: =+IF(D17*E17=0,"",D17*E17) -> 250000
A18: 1.4 | B18: PROYECTO DE MANEJO INTEGRAL DE MATERIALES DE CONSTRUCCION Y MANEJO DE FUENTES DE EMISIONES ATMOSFÉRICAS
B19: TELERAS 1,35M X 0,90 M | C19: UN | D19: 40 | E19: 120000 | F19: =+IF(D19*E19=0,"",D19*E19) -> 4800000
B20: LAVADERO DE LLANTAS | C20: UN | D20: 4 | E20: 300000 | F20: =+IF(D20*E20=0,"",D20*E20) -> 1200000
B21: PLÁSTICO NEGRO POLIETILENO DE GRUESO CALIBRE, (150 M, CALIBRE 3.5 ANCHO DE 3 M). | C21: ROLLO | D21: 10 | E21: 150000 | F21: =+IF(D21*E21=0,"",D21*E21) -> 1500000
A22: 1.5 | B22: MANEJO DE RESIDUOS LÍQUIDOS DOMÉSTICOS E INDUSTRIALES
B23: KIT DE EMERGENCIA PARA DERRAMES | C23: UN | D23: 2 | E23: 180000 | F23: =+IF(D23*E23=0,"",D23*E23) -> 360000
B24: SUBTOTAL GESTIÓN AMBIENTAL | F24: =IF(SUM(F8:F23)=0,"",SUM(F8:F23)) -> 18920000
A25: 2 | B25: PROGRAMA DE SEGURIDAD Y SALUD EN EL TRABAJO
A26: 2.1 | B26: DOTACIÓN DE CAMPAMENTOS /INSTALACIONES PROVISIONALES
B27: SEÑALES DE CAMPAMENTO - AVISOS EN POLIETILENO DE 30 X 50 CM (INCLUYE IVA) | C27: UN | D27: 3 | E27: 25000 | F27: =+IF(D27*E27=0,"",D27*E27) -> 75000
B28: CAMILLA EMERGENCIA POLIETILENO 185X45CM (INCLUYE IVA) | C28: UN | D28: 1 | E28: 160000 | F28: =+IF(D28*E28=0,"",D28*E28) -> 160000
B29: EXTINTOR ABC 20 LB (INCLUYE IVA) | C29: UN | D29: 2 | E29: 100000 | F29: =+IF(D29*E29=0,"",D29*E29) -> 200000
B30: BOTIQUÍN CRUZ ROJA DE PRIMEROS AUXILIOS REF. 115 EN LONA | C30: UN | D30: 2 | E30: 200000 | F30: =+IF(D30*E30=0,"",D30*E30) -> 400000
A31: 2.2 | B31: IMAGEN INSTITUCIONAL
B32: LONA PARA VEHÍCULO (VOLQUETA O CAMIÓN) DE 1,50 X 0,80 M, IMPRESIÓN INJEKT RESISTENTE A LA INTEMPERIE | C32: UN | D32: 2 | E32: 200000 | F32: =+IF(D32*E32=0,"",D32*E32) -> 400000
B33: CARNÉ PERSONAL. | C33: UN | D33: 20 | E33: 5000 | F33: =+IF(D33*E33=0,"",D33*E33) -> 100000
B34: SUBTOTAL GESTIÓN SEGURIDAD Y SALUD EN EL TRABAJO | F34: =IF(SUM(F25:F33)=0,"",SUM(F25:F33)) -> 1335000
A35: 3 | B35: GESTIÓN SOCIAL
A36: 3.1 | B36: INFORMACIÓN Y DIVULGACIÓN
B37: BUZÓN PQRS EN ACRÍLICO SEGÚN DISEÑO SUMINISTRADO POR LA ENTIDAD (0,35M*0,45M) | C37: UN | D37: 1 | E37: 80000 | F37: =+IF(D37*E37=0,"",D37*E37) -> 80000
B38: REUNIONES, TALLERES INFORMATIVOS Y DE SOCIALIZACIÓN CON LA COMUNIDAD AFECTADA POR EL PROYECTO. INICIO, AVANCE Y FIN DE OBRA. INCLUYE LOGÍSTICA Y REFRIGERIOS. | C38: UN | D38: 2 | E38: 500000 | F38: =+IF(D38*E38=0,"",D38*E38) -> 1000000
B39: SUBTOTAL GESTIÓN SOCIAL | F39: =IF(SUM(F35:F38)=0,"",SUM(F35:F38)) -> 1080000
A40: TOTAL PLAN DE MANEJO AMBIENTAL - PMA | F40: =IF(SUM(F8:F39)=0,"",SUM(F24,F34,F39)) -> 21335000

Sheet INSUMOS SERVICIOS
A1: DEPARTAMENTO DE ANTIOQUIA
A2: ='DATOS INICIALES'!B6 -> MUNICIPIO DE DABEIBA
A3: ='DATOS INICIALES'!B3 -> CONSTRUCCIÓN DE CASA DE SALUD EN EL CORREGIMIENTO LA BALSITA DEL MUNICIPIO DE DABEIBA
A5: LISTADO DE INSUMOS - TRANSPORTES
A7: CÓDIGO | B7: DESCRIPCIÓN | C7: UNIDAD | D7: VALOR UNITARIO
A8: SE005 | B8: ADQUISICIÓN DE CARTOGRAFIA (IMÁGENES DE SATELITE Y FOTOS AÉREAS EXISTENTES) S/COMPROBANTE PAGO | C8: UN | D8: 100000
A9: SE003 | B9: ARRIENDO OFICINA DE CAMPO + DOTACIÓN | C9: MES | D9: 600000
A10: SE001 | B10: COMISIÓN TOPOGRÁFICA (1 TOP. + 1 CAD. 1 + 1 CAD. 2) | C10: DÍA | D10: 650000
A11: SE002 | B11: COMISIÓN TOPOGRÁFICA (1 TOP. + 1 CAD. 1) | C11: DÍA | D11: 447639.44
A12: SEL009 | B12: Compactación, densidad, estabilidad y flujo por briqueta para asfaltos | C12: UN | D12: 72000
A13: SE004 | B13: DERECHO A BOTADERO | C13: M3 | D13: 5000
A14: SEL003 | B14: Determinación de terrones de arcilla y partículas deleznables en los agregados | C14: UN | D14: 79000
A15: SEL006 | B15: Diseños de mezcla para una resistencia determinada (Incluye ensayos a agregados y verificación de resistencia) | C15: UN | D15: 737000
A16: SEL008 | B16: RESISTENCIA A FLEXION DE VIGAS DE CONCRETO | C16: UN | D16: 115000
A17: SEL001 | B17: Granulometría por tamizado con lavado sobre tamiz No 200 | C17: UN | D17: 107000
A18: SEL005 | B18: Relación de Soporte del Suelo en el laboratorio (CBR en el laboratorio) remodelado y sumergido. Suelos granulares (3 puntos) | C18: UN | D18: 368000
A19: SEL004 | B19: Relaciones de humedad - masa unitaria seca en los suelos (ensayo modificado de compactación - Proctor Modificado) con corrección del peso unitario y contenido de agua | C19: UN | D19: 147000
... A21: SEL002 | B21: Resistencia al desgaste de los agregados de tamaños menores a 37,5 mm (1 1/2") por medio de la máquina de los ángeles. | C21: UN | D21: 145000

Sheet INSUMOS EQUIPOS
A1: DEPARTAMENTO DE ANTIOQUIA
A2: ='DATOS INICIALES'!B6 -> MUNICIPIO DE DABEIBA
A3: ='DATOS INICIALES'!B3 -> CONSTRUCCIÓN DE CASA DE SALUD EN EL CORREGIMIENTO LA BALSITA DEL MUNICIPIO DE DABEIBA
A5: LISTADO DE INSUMOS - EQUIPOS
A7: CÓDIGO | B7: DESCRIPCIÓN | C7: UNIDAD | D7: VALOR UNITARIO
A8: EQ001 | B8: =+"HERRAMIENTA MENOR "&"("&D8*100&"% DE LA MANO DE OBRA)" -> HERRAMIENTA MENOR (5% DE LA MANO DE OBRA) | C8: % | D8: 0.05
A9: EQ002 | B9: ESTACIÓN TOTAL | C9: DÍA | D9: 78710
A10: EQ003 | B10: NIVEL DE PRECISIÓN | C10: DÍA | D10: 45260
A11: EQ004 | B11: CONCRETADORA 1.5 SACOS A GASOLINA | C11: DÍA | D11: 62000
A12: EQ005 | B12: VEHÍCULO DOBLE TRACCIÓN, DOBLE CABINA, 2000 CC O SUPERIOR (MODELO 2015 O SUPERIOR) TARIFA DE ALQUILER TIEMPO COMPLETO, INCLUYE COMBUSTIBLE Y CONDUCTOR. SE DEBE GARANTIZAR PERMANENCIA DE LOS VEHÍCULOS DURANTE TODA LA EJECUCIÓN DEL PROYECTO. | C12: MES | D12: 5513000
A13: EQ006 | B13: MOTO ALQUILER MODELO 2014 O SUPERIOR - TARIFA DE ALQUILER | C13: MES | D13: 422000
A14: EQ007 | B14: TARIFA PUESTO DE TRABAJO DEL PERSONAL DE OFICINA DE CAMPO, INCLUYE: ALQUILER DE UN (1) EQUIPO DE COMPUTO COMPLETO, ESCRITORIO, SILLA Y OTROS ENSERES DE OFICINA POR PUESTO DE TRABAJO | C14: MES | D14: 180000
A15: EQ008 | B15: IMPRESORA EN OBRA (ALQUILER) | C15: MES | D15: 40000
A16: EQ009 | B16: Andamio estructural multidireccional modulo estandar 1.4 x 1.4 x 2 m | C16: dia | D16: 25000
A17: EQ010 | B17: taladro | C17: dia | D17: 40000
A18: EQ011 | B18: ALQUILER BAÑOS PORTÁTILES + MANTENIMIENTO Y LIMPIEZA | C18: MES | D18: 1200000
A19: EQ012 | B19: EQUIPO COMPLETO PARA GEORREFERENCIACIÓN Y CAPTURA , ALMACENAMIENTO, ANALISIS, TRANSFORMACIÓN Y PRESENTACIÓN DE TODA LA INFORMACIÓN GEOGRÁFICA Y SUS ATRIBUTOS, INCLUYE SOFTWARE | C19: MES | D19: 650000
A20: EQ013 | B20: HERRAMIENTAS DE CAMPO (CÁMARA-EQUIPO DE MEDICIÓN-LASER Y HERRAMIENTA MENOR) | C20: MES | D20: 221640
... A41: EQ034 | B41: Formaleta de cuerpo MH D=1,20m | C41: DIA | D41: 60000
A42: EQ035 | B42: alquiler de tacos metalicos/9und | C42: DIA | D42: =2500*9 -> 22500
A43: EQ036 | B43: Equipo de soldadura eléctrica MILLER XMT CC/W 300 AMP. Incluye Transporte | C43: DIA | D43: 75000
A44: EQ037 | B44: cercha/3und | C44: DIA | D44: =2200*3 -> 6600
A45: EQ038 | B45: telera | C45: und | D45: 2000

Sheet POLIZAS OBRA
A1: DEPARTAMENTO DE ANTIOQUIA
A2: ='DATOS INICIALES'!B6 -> MUNICIPIO DE DABEIBA
A3: ='DATOS INICIALES'!B3 -> CONSTRUCCIÓN DE CASA DE SALUD EN EL CORREGIMIENTO LA BALSITA DEL MUNICIPIO DE DABEIBA
A5: CÁLCULO DE PÓLIZAS DE OBRA
A6: VALOR DEL CONTRATO ( $ ) | B6: =PRESUPUESTO!H127 -> 8.5999913e+09 | C6: =IFERROR(B6/'DATOS INICIALES'!B12,"") -> 4911.7407
A7: PLAZO DEL CONTRATO | B7: ='DATOS INICIALES'!B18 -> 3 | C7: =+IFERROR(B7*30,"") -> 90
A8: ANTICIPO | B8: 0 | C8: =+IFERROR(B8*B6,"") -> 0
A10: TIPO DE GARANTÍA | B10: VALOR ASEGURADO | E10: COBERTURA ( DÍAS ) | F10: TASA ANUAL | G10: PRIMA
B11: % | C11: BASE | D11: VALOR
A12: CUMPLIMIENTO | B12: 0.2 | C12: =$B$6 -> 8.5999913e+09 | D12: =IFERROR(B12*C12,"") -> 1.7199983e+09 | E12: =IFERROR($C$7+180,"") -> 270 | F12: 0.002 | G12: =IFERROR(F12*D12*E12/360,"") -> 2579997.4
A13: BUEN MANEJO Y CORRECTA INVERSIÓN DEL ANTICIPO | B13: 1 | C13: =$C$8 -> 0 | D13: =IFERROR(B13*C13,"") -> 0 | E13: =IFERROR($C$7+180,"") -> 270 | F13: 0.0015 | G13: =IFERROR(F13*D13*E13/360,"") -> 0
A14: SALARIOS Y PRESTACIONES SOCIALES | B14: 0.2 | C14: =$B$6 -> 8.5999913e+09 | D14: =IFERROR(B14*C14,"") -> 1.7199983e+09 | E14: =IFERROR($C$7+1080,"") -> 1170 | F14: 0.0015 | G14: =IFERROR(F14*D14*E14/360,"") -> 8384991.5
A15: ESTABILIDAD Y CALIDAD DE LA OBRAS | B15: 0.2 | C15: =$B$6 -> 8.5999913e+09 | D15: =IFERROR(B15*C15,"") -> 1.7199983e+09 | E15: =IF($B$6="","",1800) -> 1800 | F15: 0.002 | G15: =IFERROR(F15*D15*E15/360,"") -> 17199983
A16: DECRETO 1082 SMMLV RESPONSABILIDAD CIVIL | B16: SMMLV | C16: MONTO ASEGURABLE | E16: PLAZO MESES | F16: TASA ANUAL | G16: PRIMA
A17: =+IF(B6="","",IF(C6<=1500,200,IF(C6<=2500,300,IF(C6<=5000,400,IF(C6<=10000,500,"5%"))))) -> 400 | B17: ='DATOS INICIALES'!B12 -> 1750905 | C17: =IFERROR(IF(C6>10000,B6+5%,A17*B17),"") -> 700362000 | E17: =B7 -> 3 | F17: 0.002 | G17: =IFERROR(F17*E17*C17/12,"") -> 350181
A18: SUBTOTAL PRIMA | G18: =IF(SUM(G12:G15,G17)=0,"",SUM(G12:G15,G17)) -> 28515152
A19: GASTOS DE EXPEDICIÓN | G19: =IF(G19="","",20000) -> 20000
A20: IVA | G20: =IFERROR((G18+G19)*0.19,"") -> 5421679
A21: TOTAL POLIZAS | G21: =IF(G18="","",SUM(G18:G20)) -> 33956831

Sheet INSUMOS MANO DE OBRA
A1: DEPARTAMENTO DE ANTIOQUIA
A2: ='DATOS INICIALES'!B2 -> MUNICIPIO DE DABEIBA
A3: ='DATOS INICIALES'!B3 -> CONSTRUCCIÓN DE CASA DE SALUD EN EL CORREGIMIENTO LA BALSITA DEL MUNICIPIO DE DABEIBA
A5: LISTADO DE INSUMOS - MANO DE OBRA
A7: CÓDIGO | B7: CARGO | C7: CLASE | D7: SALARIO MENSUAL | E7: FACTOR PRESTACIONAL | F7: JORNAL | G7: PRESTACIONES | H7: JORNAL TOTAL
A8: MO001 | B8: =IFERROR(IF(HLOOKUP($A8,FACTORPRESTACIONAL,2,0)="","",HLOOKUP($A8,FACTORPRESTACIONAL,2,0)),"") -> DIRECTOR DE OBRA | C8: =IFERROR(IF(HLOOKUP($A8,FACTORPRESTACIONAL,2,0)="","",HLOOKUP($A8,FACTORPRESTACIONAL,3,0)),"") -> ADMÓN | D8: =IFERROR(IF(HLOOKUP($A8,FACTORPRESTACIONAL,2,0)="","",HLOOKUP($A8,FACTORPRESTACIONAL,5,0)),"") -> 7353801 | E8: =IFERROR(IF(HLOOKUP($A8,FACTORPRESTACIONAL,2,0)="","",HLOOKUP($A8,FACTORPRESTACIONAL,26,0)),"") -> 1.5 | F8: =IFERROR(IF(HLOOKUP($A8,FACTORPRESTACIONAL,2,0)="","",HLOOKUP($A8,FACTORPRESTACIONAL,24,0)),"") -> 241769 | G8: =IFERROR(IF(HLOOKUP($A8,FACTORPRESTACIONAL,2,0)="","",HLOOKUP($A8,FACTORPRESTACIONAL,25,0)),"") -> 121008 | H8: =IFERROR(F8+G8,"") -> 362777
A9: MO002 | B9: =IFERROR(IF(HLOOKUP($A9,FACTORPRESTACIONAL,2,0)="","",HLOOKUP($A9,FACTORPRESTACIONAL,2,0)),"") -> DIRECTOR DE INTERVENTORÍA | C9: =IFERROR(IF(HLOOKUP($A9,FACTORPRESTACIONAL,2,0)="","",HLOOKUP($A9,FACTORPRESTACIONAL,3,0)),"") -> ADMÓN | D9: =IFERROR(IF(HLOOKUP($A9,FACTORPRESTACIONAL,2,0)="","",HLOOKUP($A9,FACTORPRESTACIONAL,5,0)),"") -> 7353801 | E9: =IFERROR(IF(HLOOKUP($A9,FACTORPRESTACIONAL,2,0)="","",HLOOKUP($A9,FACTORPRESTACIONAL,26,0)),"") -> 1.5 | F9: =IFERROR(IF(HLOOKUP($A9,FACTORPRESTACIONAL,2,0)="","",HLOOKUP($A9,FACTORPRESTACIONAL,24,0)),"") -> 241769 | G9: =IFERROR(IF(HLOOKUP($A9,FACTORPRESTACIONAL,2,0)="","",HLOOKUP($A9,FACTORPRESTACIONAL,25,0)),"") -> 121008 | H9: =IFERROR(F9+G9,"") -> 362777
A10: MO003 | B10: =IFERROR(IF(HLOOKUP($A10,FACTORPRESTACIONAL,2,0)="","",HLOOKUP($A10,FACTORPRESTACIONAL,2,0)),"") -> RESIDENTE DE OBRA | C10: =IFERROR(IF(HLOOKUP($A10,FACTORPRESTACIONAL,2,0)="","",HLOOKUP($A10,FACTORPRESTACIONAL,3,0)),"") -> ADMÓN | D10: =IFERROR(IF(HLOOKUP($A10,FACTORPRESTACIONAL,2,0)="","",HLOOKUP($A10,FACTORPRESTACIONAL,5,0)),"") -> 4377263 | E10: =IFERROR(IF(HLOOKUP($A10,FACTORPRESTACIONAL,2,0)="","",HLOOKUP($A10,FACTORPRESTACIONAL,26,0)),"") -> 1.51 | F10: =IFERROR(IF(HLOOKUP($A10,FACTORPRESTACIONAL,2,0)="","",HLOOKUP($A10,FACTORPRESTACIONAL,24,0)),"") -> 143910 | G10: =IFERROR(IF(HLOOKUP($A10,FACTORPRESTACIONAL,2,0)="","",HLOOKUP($A10,FACTORPRESTACIONAL,25,0)),"") -> 73155 | H10: =IFERROR(F10+G10,"") -> 217065
A11: MO004 | B11: =IFERROR(IF(HLOOKUP($A11,FACTORPRESTACIONAL,2,0)="","",HLOOKUP($A11,FACTORPRESTACIONAL,2,0)),"") -> RESIDENTE DE INTERVENTORÍA | C11: =IFERROR(IF(HLOOKUP($A11,FACTORPRESTACIONAL,2,0)="","",HLOOKUP($A11,FACTORPRESTACIONAL,3,0)),"") -> ADMÓN | D11: =IFERROR(IF(HLOOKUP($A11,FACTORPRESTACIONAL,2,0)="","",HLOOKUP($A11,FACTORPRESTACIONAL,5,0)),"") -> 5252715 | E11: =IFERROR(IF(HLOOKUP($A11,FACTORPRESTACIONAL,2,0)="","",HLOOKUP($A11,FACTORPRESTACIONAL,26,0)),"") -> 1.51 | F11: =IFERROR(IF(HLOOKUP($A11,FACTORPRESTACIONAL,2,0)="","",HLOOKUP($A11,FACTORPRESTACIONAL,24,0)),"") -> 172692 | G11: =IFERROR(IF(HLOOKUP($A11,FACTORPRESTACIONAL,2,0)="","",HLOOKUP($A11,FACTORPRESTACIONAL,25,0)),"") -> 87229 | H11: =IFERROR(F11+G11,"") -> 259921
A12: MO005 | B12: =IFERROR(IF(HLOOKUP($A12,FACTORPRESTACIONAL,2,0)="","",HLOOKUP($A12,FACTORPRESTACIONAL,2,0)),"") -> RESIDENTE AMBIENTAL | C12: =IFERROR(IF(HLOOKUP($A12,FACTORPRESTACIONAL,2,0)="","",HLOOKUP($A12,FACTORPRESTACIONAL,3,0)),"") -> ADMÓN | D12: =IFERROR(IF(HLOOKUP($A12,FACTORPRESTACIONAL,2,0)="","",HLOOKUP($A12,FACTORPRESTACIONAL,5,0)),"") -> 5252715 | E12: =IFERROR(IF(HLOOKUP($A12,FACTORPRESTACIONAL,2,0)="","",HLOOKUP($A12,FACTORPRESTACIONAL,26,0)),"") -> 1.51 | F12: =IFERROR(IF(HLOOKUP($A12,FACTORPRESTACIONAL,2,0)="","",HLOOKUP($A12,FACTORPRESTACIONAL,24,0)),"") -> 172692 | G12: =IFERROR(IF(HLOOKUP($A12,FACTORPRESTACIONAL,2,0)="","",HLOOKUP($A12,FACTORPRESTACIONAL,25,0)),"") -> 87229 | H12: =IFERROR(F12+G12,"") -> 259921
A13: MO006 | B13: =IFERROR(IF(HLOOKUP($A13,FACTORPRESTACIONAL,2,0)="","",HLOOKUP($A13,FACTORPRESTACIONAL,2,0)),"") -> RESIDENTE SOCIAL | C13: =IFERROR(IF(HLOOKUP($A13,FACTORPRESTACIONAL,2,0)="","",HLOOKUP($A13,FACTORPRESTACIONAL,3,0)),"") -> ADMÓN | D13: =IFERROR(IF(HLOOKUP($A13,FACTORPRESTACIONAL,2,0)="","",HLOOKUP($A13,FACTORPRESTACIONAL,5,0)),"") -> 5252715 | E13: =IFERROR(IF(HLOOKUP($A13,FACTORPRESTACIONAL,2,0)="","",HLOOKUP($A13,FACTORPRESTACIONAL,26,0)),"") -> 1.51 | F13: =IFERROR(IF(HLOOKUP($A13,FACTORPRESTACIONAL,2,0)="","",HLOOKUP($A13,FACTORPRESTACIONAL,24,0)),"") -> 172692 | G13: =IFERROR(IF(HLOOKUP($A13,FACTORPRESTACIONAL,2,0)="","",HLOOKUP($A13,FACTORPRESTACIONAL,25,0)),"") -> 87229 | H13: =IFERROR(F13+G13,"") -> 259921
A14: MO007 | B14: =IFERROR(IF(HLOOKUP($A14,FACTORPRESTACIONAL,2,0)="","",HLOOKUP($A14,FACTORPRESTACIONAL,2,0)),"") -> AUXILIAR DE RESIDENCIA | C14: =IFERROR(IF(HLOOKUP($A14,FACTORPRESTACIONAL,2,0)="","",HLOOKUP($A14,FACTORPRESTACIONAL,3,0)),"") -> ADMÓN | D14: =IFERROR(IF(HLOOKUP($A14,FACTORPRESTACIONAL,2,0)="","",HLOOKUP($A14,FACTORPRESTACIONAL,5,0)),"") -> 5252715 | E14: =IFERROR(IF(HLOOKUP($A14,FACTORPRESTACIONAL,2,0)="","",HLOOKUP($A14,FACTORPRESTACIONAL,26,0)),"") -> 1.51 | F14: =IFERROR(IF(HLOOKUP($A14,FACTORPRESTACIONAL,2,0)="","",HLOOKUP($A14,FACTORPRESTACIONAL,24,0)),"") -> 172692 | G14: =IFERROR(IF(HLOOKUP($A14,FACTORPRESTACIONAL,2,0)="","",HLOOKUP($A14,FACTORPRESTACIONAL,25,0)),"") -> 87229 | H14: =IFERROR(F14+G14,"") -> 259921
A15: MO008 | B15: =IFERROR(IF(HLOOKUP($A15,FACTORPRESTACIONAL,2,0)="","",HLOOKUP($A15,FACTORPRESTACIONAL,2,0)),"") -> TECNÓLOGO SST | C15: =IFERROR(IF(HLOOKUP($A15,FACTORPRESTACIONAL,2,0)="","",HLOOKUP($A15,FACTORPRESTACIONAL,3,0)),"") -> ADMÓN | D15: =IFERROR(IF(HLOOKUP($A15,FACTORPRESTACIONAL,2,0)="","",HLOOKUP($A15,FACTORPRESTACIONAL,5,0)),"") -> 2976539 | E15: =IFERROR(IF(HLOOKUP($A15,FACTORPRESTACIONAL,2,0)="","",HLOOKUP($A15,FACTORPRESTACIONAL,26,0)),"") -> 1.65 | F15: =IFERROR(IF(HLOOKUP($A15,FACTORPRESTACIONAL,2,0)="","",HLOOKUP($A15,FACTORPRESTACIONAL,24,0)),"") -> 97859 | G15: =IFERROR(IF(HLOOKUP($A15,FACTORPRESTACIONAL,2,0)="","",HLOOKUP($A15,FACTORPRESTACIONAL,25,0)),"") -> 63865 | H15: =IFERROR(F15+G15,"") -> 161724
A16: MO009 | B16: =IFERROR(IF(HLOOKUP($A16,FACTORPRESTACIONAL,2,0)="","",HLOOKUP($A16,FACTORPRESTACIONAL,2,0)),"") -> INGENIERO DISEÑOS RECORD | C16: =IFERROR(IF(HLOOKUP($A16,FACTORPRESTACIONAL,2,0)="","",HLOOKUP($A16,FACTORPRESTACIONAL,3,0)),"") -> ADMÓN | D16: =IFERROR(IF(HLOOKUP($A16,FACTORPRESTACIONAL,2,0)="","",HLOOKUP($A16,FACTORPRESTACIONAL,5,0)),"") -> 4377263 | E16: =IFERROR(IF(HLOOKUP($A16,FACTORPRESTACIONAL,2,0)="","",HLOOKUP($A16,FACTORPRESTACIONAL,26,0)),"") -> 1.51 | F16: =IFERROR(IF(HLOOKUP($A16,FACTORPRESTACIONAL,2,0)="","",HLOOKUP($A16,FACTORPRESTACIONAL,24,0)),"") -> 143910 | G16: =IFERROR(IF(HLOOKUP($A16,FACTORPRESTACIONAL,2,0)="","",HLOOKUP($A16,FACTORPRESTACIONAL,25,0)),"") -> 73155 | H16: =IFERROR(F16+G16,"") -> 217065
A17: MO010 | B17: =IFERROR(IF(HLOOKUP($A17,FACTORPRESTACIONAL,2,0)="","",HLOOKUP($A17,FACTORPRESTACIONAL,2,0)),"") -> CONTADOR | C17: =IFERROR(IF(HLOOKUP($A17,FACTORPRESTACIONAL,2,0)="","",HLOOKUP($A17,FACTORPRESTACIONAL,3,0)),"") -> ADMÓN | D17: =IFERROR(IF(HLOOKUP($A17,FACTORPRESTACIONAL,2,0)="","",HLOOKUP($A17,FACTORPRESTACIONAL,5,0)),"") -> 8054163 | E17: =IFERROR(IF(HLOOKUP($A17,FACTORPRESTACIONAL,2,0)="","",HLOOKUP($A17,FACTORPRESTACIONAL,26,0)),"") -> 1.5 | F17: =IFERROR(IF(HLOOKUP($A17,FACTORPRESTACIONAL,2,0)="","",HLOOKUP($A17,FACTORPRESTACIONAL,24,0)),"") -> 264794 | G17: =IFERROR(IF(HLOOKUP($A17,FACTORPRESTACIONAL,2,0)="","",HLOOKUP($A17,FACTORPRESTACIONAL,25,0)),"") -> 132268 | H17: =IFERROR(F17+G17,"") -> 397062
A18: MO011 | B18: =IFERROR(IF(HLOOKUP($A18,FACTORPRESTACIONAL,2,0)="","",HLOOKUP($A18,FACTORPRESTACIONAL,2,0)),"") -> ALMACENISTA | C18: =IFERROR(IF(HLOOKUP($A18,FACTORPRESTACIONAL,2,0)="","",HLOOKUP($A18,FACTORPRESTACIONAL,3,0)),"") -> ADMÓN | D18: =IFERROR(IF(HLOOKUP($A18,FACTORPRESTACIONAL,2,0)="","",HLOOKUP($A18,FACTORPRESTACIONAL,5,0)),"") -> 3239174 | E18: =IFERROR(IF(HLOOKUP($A18,FACTORPRESTACIONAL,2,0)="","",HLOOKUP($A18,FACTORPRESTACIONAL,26,0)),"") -> 1.64 | F18: =IFERROR(IF(HLOOKUP($A18,FACTORPRESTACIONAL,2,0)="","",HLOOKUP($A18,FACTORPRESTACIONAL,24,0)),"") -> 106493 | G18: =IFERROR(IF(HLOOKUP($A18,FACTORPRESTACIONAL,2,0)="","",HLOOKUP($A18,FACTORPRESTACIONAL,25,0)),"") -> 68088 | H18: =IFERROR(F18+G18,"") -> 174581
A19: MO012 | B19: =IFERROR(IF(HLOOKUP($A19,FACTORPRESTACIONAL,2,0)="","",HLOOKUP($A19,FACTORPRESTACIONAL,2,0)),"") -> AUXILIAR DE ALMACÉN | C19: =IFERROR(IF(HLOOKUP($A19,FACTORPRESTACIONAL,2,0)="","",HLOOKUP($A19,FACTORPRESTACIONAL,3,0)),"") -> ADMÓN | D19: =IFERROR(IF(HLOOKUP($A19,FACTORPRESTACIONAL,2,0)="","",HLOOKUP($A19,FACTORPRESTACIONAL,5,0)),"") -> 2538812 | E19: =IFERROR(IF(HLOOKUP($A19,FACTORPRESTACIONAL,2,0)="","",HLOOKUP($A19,FACTORPRESTACIONAL,26,0)),"") -> 1.68 | F19: =IFERROR(IF(HLOOKUP($A19,FACTORPRESTACIONAL,2,0)="","",HLOOKUP($A19,FACTORPRESTACIONAL,24,0)),"") -> 83468 | G19: =IFERROR(IF(HLOOKUP($A19,FACTORPRESTACIONAL,2,0)="","",HLOOKUP($A19,FACTORPRESTACIONAL,25,0)),"") -> 56828 | H19: =IFERROR(F19+G19,"") -> 140296
... A61: MO054 | B61: =IFERROR(IF(HLOOKUP($A61,FACTORPRESTACIONAL,2,0)="","",HLOOKUP($A61,FACTORPRESTACIONAL,2,0)),"") -> TECNOLOGO SOCIO-AMBIENTAL | C61: =IFERROR(IF(HLOOKUP($A61,FACTORPRESTACIONAL,2,0)="","",HLOOKUP($A61,FACTORPRESTACIONAL,3,0)),"") -> ADMÓN | D61: =IFERROR(IF(HLOOKUP($A61,FACTORPRESTACIONAL,2,0)="","",HLOOKUP($A61,FACTORPRESTACIONAL,5,0)),"") -> 3501810 | E61: =IFERROR(IF(HLOOKUP($A61,FACTORPRESTACIONAL,2,0)="","",HLOOKUP($A61,FACTORPRESTACIONAL,26,0)),"") -> 1.63 | F61: =IFERROR(IF(HLOOKUP($A61,FACTORPRESTACIONAL,2,0)="","",HLOOKUP($A61,FACTORPRESTACIONAL,24,0)),"") -> 115128 | G61: =IFERROR(IF(HLOOKUP($A61,FACTORPRESTACIONAL,2,0)="","",HLOOKUP($A61,FACTORPRESTACIONAL,25,0)),"") -> 72310 | H61: =IFERROR(F61+G61,"") -> 187438

Sheet FACTOR PRESTACIONAL
B1: DEPARTAMENTO DE ANTIOQUIA | P1: DEPARTAMENTO DE ANTIOQUIA | AD1: DEPARTAMENTO DE ANTIOQUIA | AR1: DEPARTAMENTO DE ANTIOQUIA
B2: ='DATOS INICIALES'!$B$2 -> MUNICIPIO DE DABEIBA | P2: ='DATOS INICIALES'!$B$2 -> MUNICIPIO DE DABEIBA | AD2: ='DATOS INICIALES'!$B$2 -> MUNICIPIO DE DABEIBA | AR2: ='DATOS INICIALES'!$B$2 -> MUNICIPIO DE DABEIBA
B3: ='DATOS INICIALES'!$B$3 -> CONSTRUCCIÓN DE CASA DE SALUD EN EL CORREGIMIENTO LA BALSITA DEL MUNICIPIO DE DABEIBA | P3: ='DATOS INICIALES'!$B$3 -> CONSTRUCCIÓN DE CASA DE SALUD EN EL CORREGIMIENTO LA BALSITA DEL MUNICIPIO DE DABEIBA | AD3: ='DATOS INICIALES'!$B$3 -> CONSTRUCCIÓN DE CASA DE SALUD EN EL CORREGIMIENTO LA BALSITA DEL MUNICIPIO DE DABEIBA | AR3: ='DATOS INICIALES'!$B$3 -> CONSTRUCCIÓN DE CASA DE SALUD EN EL CORREGIMIENTO LA BALSITA DEL MUNICIPIO DE DABEIBA
B5: CÁLCULO DE FACTOR PRESTACIONAL | P5: CÁLCULO DE FACTOR PRESTACIONAL | AD5: CÁLCULO DE FACTOR PRESTACIONAL | AR5: CÁLCULO DE FACTOR PRESTACIONAL
A7: CÓDIGO | B7: MO001 | C7: MO002 | D7: MO003 | E7: MO004 | F7: MO005 | G7: MO006 | H7: MO007 | I7: MO008 | J7: MO009 | K7: MO010 | L7: MO011 | M7: MO012 | N7: MO013 | O7: MO014 | P7: MO015 | Q7: MO016 | R7: MO017 | S7: MO018 | T7: MO019 | U7: MO020 | V7: MO021 | W7: MO022 | X7: MO023 | Y7: MO024 | Z7: MO025 | AA7: MO026 | AB7: MO027 | AC7: MO028 | AD7: MO029 | AE7: MO030 | AF7: MO031 | AG7: MO032 | AH7: MO033 | AI7: MO034 | AJ7: MO035 | AK7: MO036 | AL7: MO037 | AM7: MO038 | AN7: MO039 | AO7: MO040 | AP7: MO041 | AQ7: MO042 | AR7: MO043 | AS7: MO044 | AT7: MO045 | AU7: MO046 | AV7: MO047 | AW7: MO048 | AX7: MO049 | AY7: MO050 | AZ7: MO051 | BA7: MO052 | BB7: MO053 | BC7: MO054 | BD7: MO055 | BE7: MO056
A8: CARGO | B8: DIRECTOR DE OBRA | C8: DIRECTOR DE INTERVENTORÍA | D8: RESIDENTE DE OBRA | E8: RESIDENTE DE INTERVENTORÍA | F8: RESIDENTE AMBIENTAL | G8: RESIDENTE SOCIAL | H8: AUXILIAR DE RESIDENCIA | I8: TECNÓLOGO SST | J8: INGENIERO DISEÑOS RECORD | K8: CONTADOR | L8: ALMACENISTA | M8: AUXILIAR DE ALMACÉN | N8: SECRETARIA | O8: MENSAJERO | P8: VIGILANTE | Q8: TOPÓGRAFO | R8: CADENERO 1 | S8: CADENERO 2 | T8: MAESTRO PRIMERO | U8: MAESTRO SEGUNDO | V8: OFICIAL ELÉCTRICO | W8: AYUDANTE ELÉCTRICO | X8: OFICIAL PLOMERO | Y8: AYUDANTE PLOMERO | Z8: OFICIAL CARPINTERO | AA8: AYUDANTE CARPINTERO | AB8: OFICIAL PINTOR | AC8: OFICIAL DE OBRA BLANCA | AD8: OFICIAL DE OBRA NEGRA | AE8: OFICIAL HIERRO | AF8: AYUDANTE ENTENDIDO | AG8: AYUDANTE RASO | AH8: OPERADOR EQUIPO LIVIANO | AI8: OPERADOR EQUIPO MEDIANO | AJ8: OPERADOR EQUIPO PESADO | AK8: AUXILIAR HERRAMIENTA | AL8: PATIERO | AM8: AUXILIAR PARE-SIGA | AN8: INGENIERO SIG | AO8: TECNÓLOGO SIG | AP8: DIRECTOR DE CONSULTORÍA | AQ8: DIBUJANTE | AR8: INGENIERO ESPECIALISTA GEOTECNIA | AS8: GEÓLOGO | AT8: ARQUITECTO ESPECIALISTA URBANISMO | AU8: ARQUITECTO ESPECIALISTA PAISAJISMO | AV8: INGENIERO CONSULTOR PLANOS RECORD | AW8: INGENIERO ESPECIALISTA ESTRUCTURAL | AX8: INGENIERO REVISOR ESTRUCTURAL | AY8: INGENIERO ESPECIALISTA HIDRÁULICO | AZ8: INGENIERO ELECTRICISTA | BA8: INGENIERO AMBIENTAL | BB8: INGENIERO FORESTAL | BC8: TECNOLOGO SOCIO-AMBIENTAL
A9: CLASE | B9: ADMÓN | C9: ADMÓN | D9: ADMÓN | E9: ADMÓN | F9: ADMÓN | G9: ADMÓN | H9: ADMÓN | I9: ADMÓN | J9: ADMÓN | K9: ADMÓN | L9: ADMÓN | M9: ADMÓN | N9: ADMÓN | O9: ADMÓN | P9: ADMÓN | Q9: OBRA | R9: OBRA | S9: OBRA | T9: OBRA | U9: OBRA | V9: OBRA | W9: OBRA | X9: OBRA | Y9: OBRA | Z9: OBRA | AA9: OBRA | AB9: OBRA | AC9: OBRA | AD9: OBRA | AE9: OBRA | AF9: OBRA | AG9: OBRA | AH9: OBRA | AI9: OBRA | AJ9: OBRA | AK9: OBRA | AL9: OBRA | AM9: OBRA | AN9: ADMÓN | AO9: ADMÓN | AP9: ADMÓN | AQ9: ADMÓN | AR9: ADMÓN | AS9: ADMÓN | AT9: ADMÓN | AU9: ADMÓN | AV9: ADMÓN | AW9: ADMÓN | AX9: ADMÓN | AY9: ADMÓN | AZ9: ADMÓN | BA9: ADMÓN | BB9: ADMÓN | BC9: ADMÓN
A10: SALARIO MENSUAL SMMLV | B10: 4.2 | C10: 4.2 | D10: 2.5 | E10: 3 | F10: 3 | G10: 3 | H10: 3 | I10: 1.7 | J10: 2.5 | K10: 4.6 | L10: 1.85 | M10: 1.45 | N10: 1 | O10: 1 | P10: 1 | Q10: 5 | R10: 2.5 | S10: 1.5 | T10: 3 | U10: 2.3 | V10: 2.75 | W10: 1.3 | X10: 2 | Y10: 1.2 | Z10: 2 | AA10: 1.1 | AB10: 2.27 | AC10: 2.27 | AD10: 2.28 | AE10: 2.1 | AF10: 1.3 | AG10: 1.2 | AH10: 1.3 | AI10: 2.25 | AJ10: 3.2 | AK10: 1 | AL10: 1 | AM10: 1 | AN10: 5 | AO10: 2.3 | AP10: 6.7 | AQ10: 2.3 | AR10: 6 | AS10: 5.5 | AT10: 6 | AU10: 6 | AV10: 5.5 | AW10: 6 | AX10: 6 | AY10: 6 | AZ10: 5.5 | BA10: 5.5 | BB10: 5.5 | BC10: 2
A11: (A) SALARIO MES | B11: =ROUND(B10*'DATOS INICIALES'!$B$12,0) -> 7353801 | C11: =ROUND(C10*'DATOS INICIALES'!$B$12,0) -> 7353801 | D11: =ROUND(D10*'DATOS INICIALES'!$B$12,0) -> 4377263 | E11: =ROUND(E10*'DATOS INICIALES'!$B$12,0) -> 5252715 | F11: =ROUND(F10*'DATOS INICIALES'!$B$12,0) -> 5252715 | G11: =ROUND(G10*'DATOS INICIALES'!$B$12,0) -> 5252715 | H11: =ROUND(H10*'DATOS INICIALES'!$B$12,0) -> 5252715 | I11: =ROUND(I10*'DATOS INICIALES'!$B$12,0) -> 2976539 | ... BE11: =ROUND(BE10*'DATOS INICIALES'!$B$12,0) -> 0
A12: (B) AUXILIO TRANSPORTE MES | B12: =IF(B10<=2,'DATOS INICIALES'!$B$13,0) -> 0 | C12: =IF(C10<=2,'DATOS INICIALES'!$B$13,0) -> 0 | D12: =IF(D10<=2,'DATOS INICIALES'!$B$13,0) -> 0 | E12: =IF(E10<=2,'DATOS INICIALES'!$B$13,0) -> 0 | F12: =IF(F10<=2,'DATOS INICIALES'!$B$13,0) -> 0 | G12: =IF(G10<=2,'DATOS INICIALES'!$B$13,0) -> 0 | H12: =IF(H10<=2,'DATOS INICIALES'!$B$13,0) -> 0 | I12: =IF(I10<=2,'DATOS INICIALES'!$B$13,0) -> 249095 | ... BE12: =IF(BE10<=2,'DATOS INICIALES'!$B$13,0) -> 249095
A13: (C) SUELDO ANUAL (A x 12) | B13: =+ROUND(B11*12,0) -> 88245612 | C13: =+ROUND(C11*12,0) -> 88245612 | D13: =+ROUND(D11*12,0) -> 52527156 | E13: =+ROUND(E11*12,0) -> 63032580 | F13: =+ROUND(F11*12,0) -> 63032580 | G13: =+ROUND(G11*12,0) -> 63032580 | H13: =+ROUND(H11*12,0) -> 63032580 | I13: =+ROUND(I11*12,0) -> 35718468 | ... BE13: =+ROUND(BE11*12,0) -> 0
A14: (D) AUXILIO TRANSPORTE ANUAL (B x 12) | B14: =+ROUND(B12*12,0) -> 0 | C14: =+ROUND(C12*12,0) -> 0 | D14: =+ROUND(D12*12,0) -> 0 | E14: =+ROUND(E12*12,0) -> 0 | F14: =+ROUND(F12*12,0) -> 0 | G14: =+ROUND(G12*12,0) -> 0 | H14: =+ROUND(H12*12,0) -> 0 | I14: =+ROUND(I12*12,0) -> 2989140 | ... BE14: =+ROUND(BE12*12,0) -> 2989140
A15: (F) CESANTIAS (C + D) x12% | B15: =ROUND((B13+B14)*0.12,0) -> 10589473 | C15: =ROUND((C13+C14)*0.12,0) -> 10589473 | D15: =ROUND((D13+D14)*0.12,0) -> 6303259 | E15: =ROUND((E13+E14)*0.12,0) -> 7563910 | F15: =ROUND((F13+F14)*0.12,0) -> 7563910 | G15: =ROUND((G13+G14)*0.12,0) -> 7563910 | H15: =ROUND((H13+H14)*0.12,0) -> 7563910 | I15: =ROUND((I13+I14)*0.12,0) -> 4644913 | ... BE15: =ROUND((BE13+BE14)*0.12,0) -> 358697
A16: INTERES DE CESANTIA (F x 12%) | B16: =ROUND(B15*0.12,0) -> 1270737 | C16: =ROUND(C15*0.12,0) -> 1270737 | D16: =ROUND(D15*0.12,0) -> 756391 | E16: =ROUND(E15*0.12,0) -> 907669 | F16: =ROUND(F15*0.12,0) -> 907669 | G16: =ROUND(G15*0.12,0) -> 907669 | H16: =ROUND(H15*0.12,0) -> 907669 | I16: =ROUND(I15*0.12,0) -> 557390 | ... BE16: =ROUND(BE15*0.12,0) -> 43044
A17: VACACIONES (A + B) / 2 | B17: =ROUND((B11+B12)/2,0) -> 3676901 | C17: =ROUND((C11+C12)/2,0) -> 3676901 | D17: =ROUND((D11+D12)/2,0) -> 2188632 | E17: =ROUND((E11+E12)/2,0) -> 2626358 | F17: =ROUND((F11+F12)/2,0) -> 2626358 | G17: =ROUND((G11+G12)/2,0) -> 2626358 | H17: =ROUND((H11+H12)/2,0) -> 2626358 | I17: =ROUND((I11+I12)/2,0) -> 1612817 | ... BE17: =ROUND((BE11+BE12)/2,0) -> 124548
A18: PRIMA DE SERVICIOS (A + B) | B18: =B11+B12 -> 7353801 | C18: =C11+C12 -> 7353801 | D18: =D11+D12 -> 4377263 | E18: =E11+E12 -> 5252715 | F18: =F11+F12 -> 5252715 | G18: =G11+G12 -> 5252715 | H18: =H11+H12 -> 5252715 | I18: =I11+I12 -> 3225634 | ... BE18: =BE11+BE12 -> 249095
A19: FONDO INDUSTRIA DE LA CONSTRUCCIÓN SENA - FIC (SMMLV x 12 / 40) | B19: =ROUND(('DATOS INICIALES'!$B$12*12)/40,0) -> 525272 | C19: =ROUND(('DATOS INICIALES'!$B$12*12)/40,0) -> 525272 | D19: =ROUND(('DATOS INICIALES'!$B$12*12)/40,0) -> 525272 | E19: =ROUND(('DATOS INICIALES'!$B$12*12)/40,0) -> 525272 | F19: =ROUND(('DATOS INICIALES'!$B$12*12)/40,0) -> 525272 | G19: =ROUND(('DATOS INICIALES'!$B$12*12)/40,0) -> 525272 | H19: =ROUND(('DATOS INICIALES'!$B$12*12)/40,0) -> 525272 | I19: =ROUND(('DATOS INICIALES'!$B$12*12)/40,0) -> 525272 | ... BE19: =ROUND(('DATOS INICIALES'!$B$12*12)/40,0) -> 525272
A20: EPS (SALUD) - VERIFICAR CREE (C + D) x 8.5% | B20: =IF('DATOS INICIALES'!B14="NO",('FACTOR PRESTACIONAL'!B13+'FACTOR PRESTACIONAL'!B14)*0.085,0) -> 0 | C20: =IF('DATOS INICIALES'!C14="NO",('FACTOR PRESTACIONAL'!C13+'FACTOR PRESTACIONAL'!C14)*0.085,0) -> 0 | D20: =IF('DATOS INICIALES'!D14="NO",('FACTOR PRESTACIONAL'!D13+'FACTOR PRESTACIONAL'!D14)*0.085,0) -> 0 | E20: =IF('DATOS INICIALES'!E14="NO",('FACTOR PRESTACIONAL'!E13+'FACTOR PRESTACIONAL'!E14)*0.085,0) -> 0 | F20: =IF('DATOS INICIALES'!F14="NO",('FACTOR PRESTACIONAL'!F13+'FACTOR PRESTACIONAL'!F14)*0.085,0) -> 0 | G20: =IF('DATOS INICIALES'!G14="NO",('FACTOR PRESTACIONAL'!G13+'FACTOR PRESTACIONAL'!G14)*0.085,0) -> 0 | H20: =IF('DATOS INICIALES'!H14="NO",('FACTOR PRESTACIONAL'!H13+'FACTOR PRESTACIONAL'!H14)*0.085,0) -> 0 | I20: =IF('DATOS INICIALES'!I14="NO",('FACTOR PRESTACIONAL'!I13+'FACTOR PRESTACIONAL'!I14)*0.085,0) -> 0 | ... BE20: =IF('DATOS INICIALES'!BE14="NO",('FACTOR PRESTACIONAL'!BE13+'FACTOR PRESTACIONAL'!BE14)*0.085,0) -> 0
A21: AFP (PENSION) (C + D) x 12% | B21: =ROUND((B13+B14)*0.12,0) -> 10589473 | C21: =ROUND((C13+C14)*0.12,0) -> 10589473 | D21: =ROUND((D13+D14)*0.12,0) -> 6303259 | E21: =ROUND((E13+E14)*0.12,0) -> 7563910 | F21: =ROUND((F13+F14)*0.12,0) -> 7563910 | G21: =ROUND((G13+G14)*0.12,0) -> 7563910 | H21: =ROUND((H13+H14)*0.12,0) -> 7563910 | I21: =ROUND((I13+I14)*0.12,0) -> 4644913 | ... BE21: =ROUND((BE13+BE14)*0.12,0) -> 358697
A22: RIESGOS PROFESIONALES (C + D) x FACTOR DE RIESGO | B22: =ROUND((B13+B14)*'DATOS INICIALES'!$B$17,0) -> 6141895 | C22: =ROUND((C13+C14)*'DATOS INICIALES'!$B$17,0) -> 6141895 | D22: =ROUND((D13+D14)*'DATOS INICIALES'!$B$17,0) -> 3655890 | E22: =ROUND((E13+E14)*'DATOS INICIALES'!$B$17,0) -> 4387068 | F22: =ROUND((F13+F14)*'DATOS INICIALES'!$B$17,0) -> 4387068 | G22: =ROUND((G13+G14)*'DATOS INICIALES'!$B$17,0) -> 4387068 | H22: =ROUND((H13+H14)*'DATOS INICIALES'!$B$17,0) -> 4387068 | I22: =ROUND((I13+I14)*'DATOS INICIALES'!$B$17,0) -> 2694050 | ... BE22: =ROUND((BE13+BE14)*'DATOS INICIALES'!$B$17,0) -> 208044
A23: CAJA DE COMPENSACION (C + D) x 4% | B23: =ROUND((B13+B14)*0.04,0) -> 3529824 | C23: =ROUND((C13+C14)*0.04,0) -> 3529824 | D23: =ROUND((D13+D14)*0.04,0) -> 2101086 | E23: =ROUND((E13+E14)*0.04,0) -> 2521303 | F23: =ROUND((F13+F14)*0.04,0) -> 2521303 | G23: =ROUND((G13+G14)*0.04,0) -> 2521303 | H23: =ROUND((H13+H14)*0.04,0) -> 2521303 | I23: =ROUND((I13+I14)*0.04,0) -> 1548304 | ... BE23: =ROUND((BE13+BE14)*0.04,0) -> 119566
A24: SENA - VERIFICAR CREE (C + D) X 2% | B24: =IF('DATOS INICIALES'!B14="NO",('FACTOR PRESTACIONAL'!B13+'FACTOR PRESTACIONAL'!B14)*0.02,0) -> 0 | C24: =IF('DATOS INICIALES'!C14="NO",('FACTOR PRESTACIONAL'!C13+'FACTOR PRESTACIONAL'!C14)*0.02,0) -> 0 | D24: =IF('DATOS INICIALES'!D14="NO",('FACTOR PRESTACIONAL'!D13+'FACTOR PRESTACIONAL'!D14)*0.02,0) -> 0 | E24: =IF('DATOS INICIALES'!E14="NO",('FACTOR PRESTACIONAL'!E13+'FACTOR PRESTACIONAL'!E14)*0.02,0) -> 0 | F24: =IF('DATOS INICIALES'!F14="NO",('FACTOR PRESTACIONAL'!F13+'FACTOR PRESTACIONAL'!F14)*0.02,0) -> 0 | G24: =IF('DATOS INICIALES'!G14="NO",('FACTOR PRESTACIONAL'!G13+'FACTOR PRESTACIONAL'!G14)*0.02,0) -> 0 | H24: =IF('DATOS INICIALES'!H14="NO",('FACTOR PRESTACIONAL'!H13+'FACTOR PRESTACIONAL'!H14)*0.02,0) -> 0 | I24: =IF('DATOS INICIALES'!I14="NO",('FACTOR PRESTACIONAL'!I13+'FACTOR PRESTACIONAL'!I14)*0.02,0) -> 0 | ... BE24: =IF('DATOS INICIALES'!BE14="NO",('FACTOR PRESTACIONAL'!BE13+'FACTOR PRESTACIONAL'!BE14)*0.02,0) -> 0
A25: ICBF - VERIFICAR CREE (C + D) X 3% | B25: =IF('DATOS INICIALES'!B14="NO",('FACTOR PRESTACIONAL'!B13+'FACTOR PRESTACIONAL'!B14)*0.03,0) -> 0 | C25: =IF('DATOS INICIALES'!C14="NO",('FACTOR PRESTACIONAL'!C13+'FACTOR PRESTACIONAL'!C14)*0.03,0) -> 0 | D25: =IF('DATOS INICIALES'!D14="NO",('FACTOR PRESTACIONAL'!D13+'FACTOR PRESTACIONAL'!D14)*0.03,0) -> 0 | E25: =IF('DATOS INICIALES'!E14="NO",('FACTOR PRESTACIONAL'!E13+'FACTOR PRESTACIONAL'!E14)*0.03,0) -> 0 | F25: =IF('DATOS INICIALES'!F14="NO",('FACTOR PRESTACIONAL'!F13+'FACTOR PRESTACIONAL'!F14)*0.03,0) -> 0 | G25: =IF('DATOS INICIALES'!G14="NO",('FACTOR PRESTACIONAL'!G13+'FACTOR PRESTACIONAL'!G14)*0.03,0) -> 0 | H25: =IF('DATOS INICIALES'!H14="NO",('FACTOR PRESTACIONAL'!H13+'FACTOR PRESTACIONAL'!H14)*0.03,0) -> 0 | I25: =IF('DATOS INICIALES'!I14="NO",('FACTOR PRESTACIONAL'!I13+'FACTOR PRESTACIONAL'!I14)*0.03,0) -> 0 | ... BE25: =IF('DATOS INICIALES'!BE14="NO",('FACTOR PRESTACIONAL'!BE13+'FACTOR PRESTACIONAL'!BE14)*0.03,0) -> 0
A26: EXAMEN DE INGRESO - EGRESO | B26: 100000 | C26: 100000 | D26: 100000 | E26: 100000 | F26: 100000 | G26: 100000 | H26: 100000 | I26: 100000 | J26: 100000 | K26: 100000 | L26: 100000 | M26: 100000 | N26: 100000 | O26: 100000 | P26: 100000 | Q26: 100000 | R26: 100000 | S26: 100000 | T26: 100000 | U26: 100000 | V26: 100000 | W26: 100000 | X26: 100000 | Y26: 100000 | Z26: 100000 | AA26: 100000 | AB26: 100000 | AC26: 100000 | AD26: 100000 | AE26: 100000 | AF26: 100000 | AG26: 200000 | AH26: 100000 | AI26: 100000 | AJ26: 100000 | AK26: 100000 | AL26: 100000 | AM26: 100000 | AN26: 100000 | AO26: 100000 | AP26: 100000 | AQ26: 100000 | AR26: 100000 | AS26: 100000 | AT26: 100000 | AU26: 100000 | AV26: 100000 | AW26: 100000 | AX26: 100000 | AY26: 100000 | AZ26: 100000 | BA26: 100000 | BB26: 100000 | BC26: 100000 | BD26: 100000 | BE26: 100000
A27: DOTACIÓN | B27: =IF(B10<=2,$C$43,0) -> 0 | C27: =IF(C10<=2,$C$43,0) -> 0 | D27: =IF(D10<=2,$C$43,0) -> 0 | E27: =IF(E10<=2,$C$43,0) -> 0 | F27: =IF(F10<=2,$C$43,0) -> 0 | G27: =IF(G10<=2,$C$43,0) -> 0 | H27: =IF(H10<=2,$C$43,0) -> 0 | I27: =IF(I10<=2,$C$43,0) -> 378000 | ... Q27: =IF(Q10<=2,$C$43,0) -> 0 | R27: =IF(R10<=2.35,$C$43,0) -> 0 | S27: =IF(S10<=2,$C$43,0) -> 378000 | T27: =IF(T10<=2,$C$43,0) -> 0 | U27: =IF(U10<=2,$C$43,0) -> 0 | V27: =IF(V10<=2.75,$C$43,0) -> 378000 | W27: =IF(W10<=2,$C$43,0) -> 378000 | X27: =IF(X10<=2,$C$43,0) -> 378000 | Y27: =IF(Y10<=2,$C$43,0) -> 378000 | Z27: =IF(Z10<=2,$C$43,0) -> 378000 | AA27: =IF(AA10<=2,$C$43,0) -> 378000 | AB27: =IF(AB10<=2,$C$43,0) -> 0 | AC27: =IF(AC10<=2,$C$43,0) -> 0 | AD27: =IF(AD10<=2,$C$43,0) -> 0 | ... AF27: =IF(AF10<=2,$C$43,0) -> 378000 | AG27: 500000 | AH27: =IF(AH10<=2,$C$43,0) -> 378000 | AI27: =IF(AI10<=2.25,$C$43,0) -> 378000 | AJ27: =IF(AJ10<=3.2,$C$43,0) -> 378000 | AK27: =IF(AK10<=2,$C$43,0) -> 378000 | AL27: =IF(AL10<=2,$C$43,0) -> 378000 | AM27: =IF(AM10<=2,$C$43,0) -> 378000 | AN27: =IF(AN10<=2,$C$43,0) -> 0 | AO27: =IF(AO10<=2,$C$43,0) -> 0 | AP27: =IF(AP10<=2,$C$43,0) -> 0 | AQ27: =IF(AQ10<=2,$C$43,0) -> 0 | AR27: =IF(AR10<=2,$C$43,0) -> 0 | ... BE27: =IF(BE10<=2,$C$43,0) -> 378000
A28: KIT ELEMENTOS DE PROTECCIÓN PERSONAL | B28: =IF(B9="ADMÓN",$F$70,$F$59) -> 390500 | C28: =IF(C9="ADMÓN",$F$70,$F$59) -> 390500 | D28: =IF(D9="ADMÓN",$F$70,$F$59) -> 390500 | E28: =IF(E9="ADMÓN",$F$70,$F$59) -> 390500 | F28: =IF(F9="ADMÓN",$F$70,$F$59) -> 390500 | G28: =IF(G9="ADMÓN",$F$70,$F$59) -> 390500 | H28: =IF(H9="ADMÓN",$F$70,$F$59) -> 390500 | I28: =IF(I9="ADMÓN",$F$70,$F$59) -> 390500 | ... BE28: =IF(BE9="ADMÓN",$F$70,$F$59) -> 662200
A29: TOTAL ANUAL | B29: =SUM(B13:B28) -> 132413488 | C29: =SUM(C13:C28) -> 132413488 | D29: =SUM(D13:D28) -> 79228708 | E29: =SUM(E13:E28) -> 94871285 | F29: =SUM(F13:F28) -> 94871285 | G29: =SUM(G13:G28) -> 94871285 | H29: =SUM(H13:H28) -> 94871285 | I29: =SUM(I13:I28) -> 59029401 | ... BE29: =SUM(BE13:BE28) -> 6116303
A30: JORNAL | B30: =ROUND(B13/365,0) -> 241769 | C30: =ROUND(C13/365,0) -> 241769 | D30: =ROUND(D13/365,0) -> 143910 | E30: =ROUND(E13/365,0) -> 172692 | F30: =ROUND(F13/365,0) -> 172692 | G30: =ROUND(G13/365,0) -> 172692 | H30: =ROUND(H13/365,0) -> 172692 | I30: =ROUND(I13/365,0) -> 97859 | ... Y30: =ROUND(Y13/365,0) -> 69077 | Z30: 90000 | AA30: =ROUND(AA13/365,0) -> 63320 | AB30: 90000 | AC30: 90000 | AD30: 90000 | AE30: 90000 | AF30: =ROUND(AF13/365,0) -> 74833 | AG30: 54000 | AH30: =ROUND(AH13/365,0) -> 74833 | AI30: =ROUND(AI13/365,0) -> 129519 | AJ30: =ROUND(AJ13/365,0) -> 184205 | AK30: =ROUND(AK13/365,0) -> 57564 | AL30: =ROUND(AL13/365,0) -> 57564 | AM30: =ROUND(AM13/365,0) -> 57564 | AN30: =ROUND(AN13/365,0) -> 287820 | AO30: =ROUND(AO13/365,0) -> 132397 | ... BE30: =ROUND(BE13/365,0) -> 0
A31: PRESTACIONES | B31: =ROUND((B29/365-B30),0) -> 121008 | C31: =ROUND((C29/365-C30),0) -> 121008 | D31: =ROUND((D29/365-D30),0) -> 73155 | E31: =ROUND((E29/365-E30),0) -> 87229 | F31: =ROUND((F29/365-F30),0) -> 87229 | G31: =ROUND((G29/365-G30),0) -> 87229 | H31: =ROUND((H29/365-H30),0) -> 87229 | I31: =ROUND((I29/365-I30),0) -> 63865 | ... Y31: =ROUND((Y29/365-Y30),0) -> 50535 | Z31: 76500 | AA31: =ROUND((AA29/365-AA30),0) -> 47721 | AB31: 76500 | AC31: 76500 | AD31: 76500 | AE31: 76500 | AF31: =ROUND((AF29/365-AF30),0) -> 53351 | AG31: 45900 | AH31: =ROUND((AH29/365-AH30),0) -> 53351 | AI31: =ROUND((AI29/365-AI30),0) -> 67898 | AJ31: =ROUND((AJ29/365-AJ30),0) -> 94639 | AK31: =ROUND((AK29/365-AK30),0) -> 44906 | AL31: =ROUND((AL29/365-AL30),0) -> 44906 | AM31: =ROUND((AM29/365-AM30),0) -> 44906 | AN31: =ROUND((AN29/365-AN30),0) -> 143527 | AO31: =ROUND((AO29/365-AO30),0) -> 67525 | ... BE31: =ROUND((BE29/365-BE30),0) -> 16757
A32: FACTOR PRESTACIONAL | B32: =IFERROR(ROUND((B29/B13),2),0) -> 1.5 | C32: =IFERROR(ROUND((C29/C13),2),0) -> 1.5 | D32: =IFERROR(ROUND((D29/D13),2),0) -> 1.51 | E32: =IFERROR(ROUND((E29/E13),2),0) -> 1.51 | F32: =IFERROR(ROUND((F29/F13),2),0) -> 1.51 | G32: =IFERROR(ROUND((G29/G13),2),0) -> 1.51 | H32: =IFERROR(ROUND((H29/H13),2),0) -> 1.51 | I32: =IFERROR(ROUND((I29/I13),2),0) -> 1.65 | ... Y32: =IFERROR(ROUND((Y29/Y13),2),0) -> 1.73 | Z32: 1.85 | AA32: =IFERROR(ROUND((AA29/AA13),2),0) -> 1.75 | AB32: 1.85 | AC32: 1.85 | AD32: 1.85 | AE32: 1.85 | AF32: =IFERROR(ROUND((AF29/AF13),2),0) -> 1.71 | AG32: 1.85 | AH32: =IFERROR(ROUND((AH29/AH13),2),0) -> 1.71 | AI32: =IFERROR(ROUND((AI29/AI13),2),0) -> 1.52 | AJ32: =IFERROR(ROUND((AJ29/AJ13),2),0) -> 1.51 | AK32: =IFERROR(ROUND((AK29/AK13),2),0) -> 1.78 | AL32: =IFERROR(ROUND((AL29/AL13),2),0) -> 1.78 | AM32: =IFERROR(ROUND((AM29/AM13),2),0) -> 1.78 | AN32: =IFERROR(ROUND((AN29/AN13),2),0) -> 1.5 | AO32: =IFERROR(ROUND((AO29/AO13),2),0) -> 1.51 | ... BE32: =IFERROR(ROUND((BE29/BE13),2),0) -> 0
AD33: =AD30+AD31 -> 166500 | AG33: =AG30+AG31 -> 99900
A37: DESCRIPCIÓN | B37: UNIDAD | C37: VALOR / UN | D37: OBSERVACIONES
A38: Calzado | B38: Par | C38: 56000 | D38: BOTA TRABAJO PUNTA ACERO MIAMI
A39: Pantalón | B39: Unidad | C39: 35000 | D39: JEAN CLASICO LABORAL INDIGO AZUL
A40: Camisa | B40: Unidad | C40: 35000 | D40: BLUSA 3/4 MANGA LARGA CAQUI
A41: Total Dotación | C41: =SUM(C38:C40) -> 126000
A42: Frecuencia | C42: 3
A43: Total anual | C43: =C41*C42 -> 378000
A46: CÁLCULO EPP PARA PERSONAL DE OBRA (NO INCLUYE DOTACIÓN PAPSO)
A47: DESCRIPCIÓN | C47: UNIDAD | D47: CANTIDAD | E47: VR. UNIT. | F47: VR. TOTAL | G47: OBSERVACIONES
A48: CASCO | C48: UN | D48: 1 | E48: 13000 | F48: =+D48*E48 -> 13000 | G48: CASCO ECO TIPO I CREMALLERA 1 ANUAL POR PERSONA
A49: TAFILETES | C49: UN | D49: 2 | E49: 9000 | F49: =+D49*E49 -> 18000 | G49: TAFILETE CINTA CASCO 2 ANUALES ADICIONAL POR PERSONA
A50: GUANTES CARNAZA | C50: PAR | D50: 5.2 | E50: 14000 | F50: =+D50*E50 -> 72800 | G50: GUANTE CARNAZA REFORZADO LARGO 1 SEMANAL CADA 10 PERSONAS (FIERREROS)
A51: GUANTES GENERALES | C51: PAR | D51: 26 | E51: 5000 | F51: =+D51*E51 -> 130000 | G51: GUANTE ALGODÓN LATEX 1 QUINCENAL A CADA TRABAJADOR
A52: GUANTES LARGOS | C52: PAR | D52: 1.3 | E52: 41000 | F52: =+D52*E52 -> 53300 | G52: GUANTE PVC SEMICORRUGADO AZUL MANGA 60CM 1 QUINCENAL CADA 20 PERSONAS (CORTADORES)
A53: CHALECOS REFLECTIVOS | C53: UN | D53: 4 | E53: 23000 | F53: =+D53*E53 -> 92000 | G53: CHALECO CONSTRUCCIÓN 1 TRIMESTRAL A CADA TRABAJADOR
A54: DELANTAL IMPERMEABLE | C54: UN | D54: 0.6 | E54: 25000 | F54: =+D54*E54 -> 15000 | G54: DELANTAL NEGRO VESTIFLEX 81X118CM 1 MENSUAL CADA 20 PERSONAS (CORTADORES)
A55: MONOGAFAS | C55: UN | D55: 10.4 | E55: 5000 | F55: =+D55*E55 -> 52000 | G55: GAFAS DE SEGURIDAD LENTE CLARO 1 SEMANAL CADA 5 TRABAJADORES (DEMOLICIÓN)
A56: TAPONES AUDITIVOS SENCILLOS | C56: UN | D56: 52 | E56: 2400 | F56: =+D56*E56 -> 124800 | G56: TAPON OIDO 32 DECÍBELES DESECHABLE CORDON 1 SEMANAL POR CADA TRABAJADOR
A57: PROTECTORES AUDITIVOS DE COPA | C57: UN | D57: 1.2 | E57: 24000 | F57: =+D57*E57 -> 28800 | G57: PROTECTOR OIDO COPA 23 DECÍBELES 1 MENSUAL CADA 10 TRABAJADORES
A58: ARNÉS DE SEGURIDAD + ESLINGA | C58: UN | D58: 0.25 | E58: 250000 | F58: =+D58*E58 -> 62500 | G58: KIT DE ARNÉS CON ESLINGA INTEGRADA - 3M 1 ANUAL CADA 4 PERSONAS
A59: TOTAL EPP ANUAL | F59: =SUM(F48:F58) -> 662200
A61: CÁLCULO EPP PARA PERSONAL DE OFICINA (NO INCLUYE DOTACIÓN PAPSO)
A62: DESCRIPCIÓN | C62: UNIDAD | D62: CANTIDAD | E62: VR. UNIT. | F62: VR. TOTAL | G62: OBSERVACIONES
A63: CASCO | C63: UN | D63: 1 | E63: 23000 | F63: =+D63*E63 -> 23000 | G63: CASCO ECO DIELECTRICO RATCHET BLANCO 1 ANUAL POR PERSONA
A64: TAFILETES | C64: UN | D64: 2 | E64: 9000 | F64: =+D64*E64 -> 18000 | G64: TAFILETE CINTA CASCO 2 ANUALES ADICIONAL POR PERSONA
A65: MONOGAFAS | C65: UN | D65: 2 | E65: 17900 | F65: =+D65*E65 -> 35800 | G65: GAFAS SEGURIDAD CREONTE LENTE OSCURO AF 2 ANUALES POR PERSONA
A66: TAPABOCAS | C66: UN | D66: 2 | E66: 14000 | F66: =+D66*E66 -> 28000 | G66: RESPIRADOR N95 VÁLVULA CARBÓN ACTIVADO 2 ANUALES POR PERSONA
A67: TAPONES AUDITIVOS SENCILLOS | C67: UN | D67: 12 | E67: 3600 | F67: =+D67*E67 -> 43200 | G67: TAPON OIDO SILICONADO 1 MENSUAL POR CADA TRABAJADOR
A68: CHALECOS REFLECTIVOS | C68: UN | D68: 2 | E68: 90000 | F68: =+D68*E68 -> 180000 | G68: CHALECO MULTIFUNCIONAL 1 SEMESTRAL A CADA TRABAJADOR
A69: ARNÉS DE SEGURIDAD + ESLINGA | C69: UN | D69: 0.25 | E69: 250000 | F69: =+D69*E69 -> 62500 | G69: KIT DE ARNÉS CON ESLINGA INTEGRADA - 3M 1 ANUAL CADA 4 PERSONAS
A70: TOTAL EPP ANUAL | F70: =SUM(F63:F69) -> 390500
